 Dungeon Crawl Stone Soup version 0.31.0-9-g3a7656b989 (webtiles) character file.

Game seed: 17617700196590028315

21638486 Aviak the Chief of Staff (level 27, 273/273 HPs)
             Began as a Gnoll Ice Elementalist on Jan 22, 2024.
             Was the Champion of Cheibriados.
             Escaped with the Orb
             ... and 15 runes
             ... and 9 gems (0 intact) on Jan 24, 2024!
             The game lasted 07:50:52 (73590 turns).

Aviak the Chief of Staff (Gnoll Ice Elementalist)  Turns: 73590, Time: 07:50:53

Health: 273/273    AC: 50    Str: 31    XL:     27
Magic:  54/54      EV: 27    Int: 50    God:    Cheibriados [******]
Gold:   12684      SH: 41    Dex: 26    Spells: 0/80 levels left

rFire   + +          .
                       - Unarmed
rCold   + + +        W - +8 tower shield {rC+}
rNeg    + + +        a - +8 orange crystal plate armour {Archmagi, Int+3 Clar}
rPois   ∞            w - +2 hat of Broken Taboos {Regen+ rCorr SInv}
rElec   +            f - +1 cloak of the Loofah {^Contam Fly rElec Int+4}
rCorr   +            g - +0 pair of gloves "Riexeimi" {rElec Will+++ Regen+ Dex-4}
SInv    +            d - +2 pair of boots {Stlth+}
Will    +++++        T - amulet "Zausyitz" {Reflect Dex+2 SH+5}
Stlth   ++           O - ring of Ituluvua {rF+ rC+}
HPRegen 2.25/turn    S - ring of Jowiubatt {rElec rF+ Str+6}
MPRegen 0.34/turn

%: reflection, clarity, archmagi
@: death-form, flying, studying 3 skills, very slow
A: vile attack, torment immunity, no potions, fangs 1, strong nose, distributed
training, antennae 1, clever 1, cold resistance 1, robust 1
0: Orb of Zot
}: 15/15 runes: serpentine, barnacled, slimy, silver, golden, iron, obsidian,
icy, bone, abyssal, demonic, glowing, magical, fiery, dark
a: Siphon Essence, Begin Untransformation, Renounce Religion, Bend Time,
Temporal Distortion, Slouch, Step From Time


You escaped.
You worshipped Cheibriados.
Cheibriados was exalted by your worship.
You were an undying horror.
You visited 17 branches of the dungeon, and saw 86 of its levels.
You visited Pandemonium 1 time, and saw 19 of its levels.
You visited the Abyss 2 times.
You visited 1 ziggurat, and saw 18 of its levels.
You also visited: Trove, Bailey, Ice Cave, Wizlab and Desolation.

You collected 17039 gold pieces.
You spent 4355 gold pieces at shops.

Inventory:

Hand Weapons
 o - the +8 trishula "Condemnation" {holy, anguish, *Noise Fly rN+}
   (You found it on level 16 of a ziggurat)

   rN+:       It protects you from negative energy.
   Fly:       It grants you flight.
   *Noise:    It may make a loud noise when swung.
Armour
 a - the +8 orange crystal plate armour (worn) {Archmagi, Int+3 Clar}
   (You found it on level 8 of a ziggurat)

   Int+3:     It affects your intelligence (+3).
   Clar:      It protects you from confusion, rage, mesmerisation and fear.
 d - a +2 pair of boots of stealth (worn)
 f - the +1 cloak of the Loofah (worn) {^Contam Fly rElec Int+4}
   (You found it on level 4 of the Shoals)

   Int+4:     It affects your intelligence (+4).
   rElec:     It insulates you from electricity.
   Fly:       It grants you flight.
   ^Contam:   It causes magical contamination when unequipped.
 g - the +0 pair of gloves "Riexeimi" (worn) {rElec Will+++ Regen+ Dex-4}
   (You found it on level 7 of Tartarus)

   Dex-4:     It affects your dexterity (-4).
   rElec:     It insulates you from electricity.
   Will+++:   It greatly increases your willpower.
   Regen+:    It increases your rate of health regeneration.
 w - the +2 hat of Broken Taboos (worn) {Regen+ rCorr SInv}
   (You acquired it on level 3 of the Snake Pit)

   SInv:      It lets you see invisible.
   Regen+:    It increases your rate of health regeneration.
   rCorr:     It protects you from acid and corrosion.
 W - a +8 tower shield of cold resistance (worn)
Magical Staves
 R - the staff "Foriuduo" {rElec rN+ MP+9 Int+3 Stlth+ Necro}
   (You found it on level 7 of Tartarus)

   [staff of death]

   Base accuracy: +5 Base damage: 5 Base attack delay: 1.2 This weapon's minimum
   attack delay (0.6) is reached at skill level 12.
   Int+3:     It affects your intelligence (+3).
   rElec:     It insulates you from electricity.
   rN+:       It protects you from negative energy.
   MP+9:      It affects your magic capacity (+9).
   Stlth+:    It makes you more stealthy.
   Necro:     It increases the power of your Necromancy spells.
   It falls into the 'Staves' category.
   It is a one-handed weapon.
Jewellery
 p - the ring "Nog Sinus" {Wiz Int+4 Dex+3}
   (You found it in Pandemonium)

   [ring of wizardry]

   Wiz:       It improves your spell success rate.
   Int+4:     It affects your intelligence (+4).
   Dex+3:     It affects your dexterity (+3).
 z - the ring "Loqautue" {rElec rPois rF+ rN+ Will+ Dex+4}
   (You found it on level 3 of the Tomb of the Ancients)

   [ring of positive energy]

   Dex+4:     It affects your dexterity (+4).
   rF+:       It protects you from fire.
   rElec:     It insulates you from electricity.
   rPois:     It protects you from poison rN+: It protects you from negative
   energy.
   Will+:     It increases your willpower.
 L - the ring of the Skies Above {*Slow rN++ AC+4 Slay+3 Stlth+}
   (You acquired it on level 4 of the Vaults)

   [ring of protection]

   AC+4:      It affects your AC (+4).
   Slay+3:    It affects your accuracy & damage with ranged weapons and melee
   (+3).
   rN++:      It greatly protects you from negative energy.
   *Slow:     It may slow you when you take damage.
   Stlth+:    It makes you more stealthy.
 N - the ring of the City {rPois rN++}
   (You found it on level 7 of the Iron City of Dis)

   [ring of poison resistance]

   rPois:     It protects you from poison rN++: It greatly protects you from
   negative energy.
 O - the ring of Ituluvua (left hand) {rF+ rC+}
   (You bought it in a shop on level 2 of the Snake Pit)

   [ring of protection from cold]

   rF+:       It protects you from fire.
   rC+:       It protects you from cold.
 S - the ring of Jowiubatt (right hand) {rElec rF+ Str+6}
   (You found it on level 5 of the Pits of Slime)

   [ring of strength]

   Str+6:     It affects your strength (+6).
   rF+:       It protects you from fire.
   rElec:     It insulates you from electricity.
 T - the amulet "Zausyitz" (around neck) {Reflect Dex+2 SH+5}
   (You took it off an imperial myrmidon in the Desolation of Salt)

   [amulet of reflection]

   Reflect:   It reflects blocked missile attacks.
   Dex+2:     It affects your dexterity (+2).
   SH+5:      It affects your SH (+5).
 Z - the ring "Bosoull" {rC+ MP+9 Int+6}
   (You took it off an efreet in Pandemonium)

   [ring of magical power]

   Int+6:     It affects your intelligence (+6).
   rC+:       It protects you from cold.
   MP+9:      It affects your magic capacity (+9).
Talismans
 U - a granite talisman
 Y - a talisman of death (active)
Wands
 j - a wand of quicksilver (39)
 y - a wand of flame (15)
 C - a wand of digging (43)
 D - a wand of iceblast (106)
 V - a wand of paralysis (7)
Scrolls
 e - 4 scrolls of enchant armour
 i - a scroll of immolation
 n - 4 scrolls of fog
 q - 3 scrolls of silence {!r}
 r - 4 scrolls of fear
 s - 2 scrolls of summoning {!r}
 t - 19 scrolls of teleportation
 v - 11 scrolls of enchant weapon
 x - 11 scrolls of blinking
 E - 5 scrolls of amnesia
 J - 4 scrolls of brand weapon
Potions
 b - 2 potions of magic
 c - 8 potions of curing
 h - 9 potions of heal wounds
 l - 3 potions of cancellation
 m - 4 potions of invisibility
 B - 9 potions of brilliance
 H - 15 potions of might
 I - 9 potions of resistance
 K - 8 potions of attraction
 Q - 6 potions of ambrosia
 X - 7 potions of mutation {!q}
Miscellaneous
 k - a sack of spiders
 u - a figurine of a ziggurat
 A - a lightning rod (4/4)
 F - a phial of floods
 G - a phantom mirror
 M - a condenser vane
 P - the horn of Geryon


   Skills:
 O Level 27 Fighting
 O Level 27 Short Blades
 O Level 27 Long Blades
 O Level 27 Axes
 O Level 27 Maces & Flails
 O Level 27 Polearms
 O Level 27 Staves
 O Level 27 Ranged Weapons
 O Level 27 Throwing
 O Level 27 Armour
 O Level 27 Dodging
 O Level 27 Stealth
 O Level 27 Shields
 O Level 27 Unarmed Combat
 O Level 27 Spellcasting
 + Level 23.4 Conjurations
 + Level 23.4 Hexes
 + Level 23.4 Summonings
 + Level 23.4 Necromancy
 + Level 23.4 Translocations
 + Level 23.4 Fire Magic
 O Level 27 Ice Magic
 O Level 27 Air Magic
 + Level 23.4 Earth Magic
 + Level 23.4 Alchemy
 O Level 27 Invocations
 O Level 27 Evocations
 + Level 25.2 Shapeshifting


You couldn't memorise any spells.
You knew the following spells:

 Your Spells              Type           Power      Damage    Failure   Level
a - Plasma Beam           Fire/Air       85%        2x1d103   0%          6
b - Lesser Beckoning      Tloc           100%       N/A       0%          2
c - Frozen Ramparts       Ice            100%       1d16      0%          3
d - Ozocubu's Armour      Ice            100%       N/A       0%          3
e - Enfeeble              Hex            83%        N/A       1%          7
f - Irradiate             Conj/Alch      83%        3d39      0%          5
g - Dragon's Call         Summ           83%        N/A       5%          9
h - Passage of Golubria   Tloc           100%       N/A       0%          4
i - Blink                 Tloc           100%       N/A       0%          2
j - Yara's Violent Unrav  Hex/Alch       83%        3d30      0%          5
q - Ignition              Fire           83%        3d21      1%          8
t - Polar Vortex          Ice            86%        12d11*    1%          9
w - Borgnjor's Vile Clut  Necr/Erth      83%        N/A       0%          5
x - Lehudib's Crystal Sp  Conj/Erth      83%        10d18     1%          8
z - Dispel Undead         Necr           100%       3d31      0%          4

Your spell library contained the following spells:

 Spells                   Type           Power      Damage    Failure   Level
 Apportation              Tloc           100%       N/A       0%          1
 Foxfire                  Conj/Fire      100%       2x1d9     0%          1
 Freeze                   Ice            100%       1d10      0%          1
 Kiss of Death            Conj/Necr      100%       2d13      0%          1
 Magic Dart               Conj           100%       1d8       0%          1
 Necrotise                Necr           100%       1d9       0%          1
 Sandblast                Erth           100%       2d20      0%          1
 Shock                    Conj/Air       100%       1d9       0%          1
 Slow                     Hex            100%       N/A       0%          1
 Sting                    Conj/Alch      100%       1d9       0%          1
 Summon Small Mammal      Summ           100%       N/A       0%          1
 Call Imp                 Summ           100%       N/A       0%          2
 Cigotuvi's Dreadful Rot  Necr/Alch/Air  100%       N/A       0%          2
 Ensorcelled Hibernation  Hex/Ice        100%       N/A       0%          2
 Jinxbite                 Hex            100%       N/A       0%          2
 Mercury Vapours          Alch/Air       100%       N/A       0%          2
 Momentum Strike          Conj/Tloc      100%       3d10      0%          2
 Scorch                   Fire           100%       2d9       0%          2
 Static Discharge         Conj/Air       100%       3-8/arc   0%          2
 Sublimation of Blood     Necr           100%       N/A       0%          2
 Call Canine Familiar     Summ           100%       N/A       0%          3
 Confusing Touch          Hex            100%       N/A       0%          3
 Dazzling Flash           Conj/Hex       100%       N/A       0%          3
 Fugue of the Fallen      Necr           100%       N/A       0%          3
 Gell's Gravitas          Tloc           100%       N/A       0%          3
 Hailstorm                Conj/Ice       100%       3d16      0%          3
 Inner Flame              Hex/Fire       100%       N/A       0%          3
 Mephitic Cloud           Conj/Alch/Air  100%       N/A       0%          3
 Passwall                 Erth           100%       N/A       0%          3
 Sigil of Binding         Hex            100%       N/A       0%          3
 Stone Arrow              Conj/Erth      100%       3d13      0%          3
 Summon Ice Beast         Ice/Summ       100%       N/A       0%          3
 Swiftness                Air            100%       N/A       0%          3
 Teleport Other           Tloc           100%       N/A       0%          3
 Tukima's Dance           Hex            100%       N/A       0%          3
 Vampiric Draining        Necr           100%       2d13      0%          3
 Volatile Blastmotes      Fire/Tloc      100%       2d18      0%          3
 Airstrike                Air            86%        2d(13-29) 0%          4
 Anguish                  Hex/Necr       83%        N/A       0%          4
 Animate Armour           Summ/Erth      100%       N/A       0%          4
 Animate Dead             Necr           100%       N/A       0%          4
 Cause Fear               Hex            83%        N/A       0%          4
 Dimensional Bullseye     Hex/Tloc       83%        N/A       0%          4
 Flame Wave               Conj/Fire      100%       2d21      0%          4
 Fulminant Prism          Conj/Alch      83%        3d33      0%          4
 Ignite Poison            Fire/Alch      100%       N/A       0%          4
 Iskenderun's Mystic Bla  Conj/Tloc      100%       2d19      0%          4
 Leda's Liquefaction      Alch/Erth      83%        N/A       0%          4
 Manifold Assault         Tloc           100%       N/A       0%          4
 Martyr's Knell           Necr/Summ      100%       N/A       0%          4
 Olgreb's Toxic Radiance  Alch           100%       N/A       0%          4
 Petrify                  Alch/Erth      100%       N/A       0%          4
 Sticky Flame             Fire/Alch      100%       2d15      0%          4
 Summon Blazeheart Golem  Fire/Summ      100%       N/A       0%          4
 Summon Lightning Spire   Summ/Air       100%       N/A       0%          4
 Vhi's Electric Charge    Tloc/Air       100%       N/A       0%          4
 Alistair's Intoxication  Alch           100%       N/A       0%          5
 Arcjolt                  Conj/Air       85%        1d95      0%          5
 Curse of Agony           Necr           100%       N/A       0%          5
 Fireball                 Conj/Fire      83%        3d31      0%          5
 Freezing Cloud           Conj/Ice/Air   85%        6-21      0%          5
 Lee's Rapid Deconstruct  Erth           83%        3d37*     0%          5
 Metabolic Englaciation   Hex/Ice        85%        N/A       0%          5
 Silence                  Hex/Air        85%        N/A       0%          5
 Summon Forest            Summ/Tloc      83%        N/A       0%          5
 Summon Mana Viper        Hex/Summ       100%       N/A       0%          5
 Bombard                  Conj/Erth      83%        9d13      0%          6
 Death Channel            Necr           83%        N/A       0%          6
 Dispersal                Tloc           83%        N/A       0%          6
 Eringya's Noxious Bog    Alch           83%        4d6       0%          6
 Sculpt Simulacrum        Ice/Alch       85%        N/A       0%          6
 Starburst                Conj/Fire      83%        6d21      0%          6
 Summon Cactus Giant      Summ           83%        N/A       0%          6
 Ozocubu's Refrigeration  Ice            86%        4d26      0%          7
 Haunt                    Necr/Summ      83%        N/A       1%          7
 Malign Gateway           Summ/Tloc      83%        N/A       1%          7
 Monstrous Menagerie      Summ           83%        N/A       1%          7
 Orb of Destruction       Conj           83%        9d18      1%          7
 Spellforged Servitor     Conj/Summ      83%        N/A       1%          7
 Summon Hydra             Summ           83%        N/A       1%          7
 Disjunction              Tloc           83%        N/A       1%          8
 Infestation              Necr           83%        N/A       1%          8
 Maxwell's Capacitive Co  Air            86%        ∞         1%          8
 Summon Horrible Things   Summ           83%        N/A       1%          8
 Chain Lightning          Conj/Air       85%        3d113     2%          9
 Fire Storm               Conj/Fire      83%        8d21      5%          9
 Shatter                  Erth           83%        3d60*     5%          9


Dungeon Overview and Level Annotations

Branches:
Dungeon (15/15)            Temple (0/1) D:7            Lair (5/5) D:9
 Shoals (4/4) Lair:3        Snake (4/4) Lair:3        Slime (5/5) Lair:5
    Orc (2/2) D:9             Elf (3/3) Orc:2        Vaults (5/5) D:14
  Crypt (3/3) Vaults:3       Tomb (3/3) Crypt:3      Depths (4/4) D:15
   Hell (visited)             Dis (7/7) Hell            Geh (7/7) Hell
    Coc (7/7) Hell            Tar (7/7) Hell            Zot (5/5) Depths:4
 Bailey (visited)           IceCv (visited)          WizLab (visited)
Desolation (visited)

Altars:
Cheibriados
Dithmenos
Hepliaklqana
Kikubaaqudgha
Makhleb
Nemelex Xobeh
Okawaru
Ru
Sif Muna
Uskayaw
Vehumet
The Shining One
Jiyva

Shops:
D:12 *   D:14 =   D:15 [   Orc:2 *([*   Elf:1 (*   Elf:2 (   Elf:3 :?(
Shoals:3 (   Snake:2 *   Vaults:1 [   Vaults:2 *   Vaults:3 [!?   Vaults:4 *

Portals:
Hell: Depths:1 Depths:3 Depths:4
Abyss: Snake:3 Depths:2 Depths:3 Depths:4
Pandemonium: Depths:1 Depths:2

Annotations:
D:3 3 runed translucent doors, Asparus's ghost, amateur OpEE
Snake:3 2 transporters, Akuuror's ghost, adept GrFi; Mara
Elf:2 3 runed translucent doors
Crypt:3 1 exclusion
Zot:5 exclusion: obsidian statue


Innate Abilities, Weirdness & Mutations

You are an undying horror.
Your melee and unarmed attacks drain, slow and weaken victims.
You are immune to unholy pain and torment.
You cannot drink.
You are immune to poison.
You have very sharp teeth.
Your uncanny sense of smell can sniff out nearby items.
Your experience applies equally to all skills.
You have a pair of small antennae on your head.
Your mind is acute. (Int +4, Str/Dex -1)
Your flesh is cold resistant. (rC+)
You are robust. (+10% HP)


Message History

There is a stone staircase leading down here.
A dragon arrives to answer your call! x2
Your quicksilver dragon bites the orange demon!
Your quicksilver dragon claws the orange demon!
Your storm dragon breathes lightning at the orange demon.
The bolt of lightning hits the orange demon!!
The orange demon dies!
Cheibriados appreciates the change of pace.
Your storm dragon disappears in a puff of smoke!
Your quicksilver dragon disappears in a puff of smoke!
The roar of the dragon horde subsides.
Magic restored.
You can once more reach out to the dragon horde.
There is an escape hatch in the ceiling here.
A mysterious force pulls you upwards. The hatch slams shut behind you.
Level annotation: 3 runed translucent doors, Asparus's ghost, amateur OpEE
There is an escape hatch in the ceiling here.
A mysterious force pulls you upwards. The hatch slams shut behind you.
Aiming: Dig
Press: ? - help, Shift-Dir - straight line A rock wall.
This square is covered in magical glow.
The rock shatters into small pieces.
There is a stone staircase leading up here.
You fly upwards.
There is a stone staircase leading down here.
A sun demon comes into view.
Aiming: Dig
Press: ? - help, Shift-Dir - straight line, f - sun demon
Aim: a sun demon (100% to hit)
The rock shatters into small pieces.
You block the sun demon's attack. x2
You pulverise the sun demon!!!!
You kill the sun demon!
Cheibriados appreciates the change of pace.
You reach down and open the door.
There is an open door here.
There is an open door here.
There is a staircase leading out of the dungeon here.
You have escaped!

................# #.# #.########.
......(.........# #.# #.##.......
................# #.# #.##.......
................# #.###.##.......
................# #.....##.......
).....###.......# #.###.##.......
......# #...######### #........##
......###.#.# #...# ##.#.....#
.......##...# #.z.# #.#.....#
.....#.###### #...# #.##.####
.....#.## ###'### #....#####
........######.....#####.........
.)......##...#.....#...##........
........##.8.+..8..'.............
......#.##...#.....#...##........
......#..#####.....######........
......##.....#'###'# #........


There were no monsters in sight!

Vanquished Creatures
  Asmodeus (Geh:7)
  Antaeus (Coc:7)
  the Royal Jelly (Slime:5)
  Mnoleg (Pan)
  Gloorx Vloq (Pan)
  Ereshkigal (Tar:7)
  Lom Lobon (Pan)
  Dissolution (Slime:5)
  the Serpent of Hell (Coc:7)
  5 dread liches
  Frederick (Depths:4)
  6 orbs of fire (Zot:5)
  Dispater (Dis:7)
  7 ancient liches
  3 juggernauts (Zig:18)
  Boris (Tomb:3)
  47 royal mummies
  Sojobo (Vaults:3)
  16 pandemonium lords
  13 shard shrikes
  Bai Suzhen (Elf:3)
  7 Killer Klowns
  Saint Roka (Snake:3)
  Vashnia (Snake:3)
  Margery (Vaults:3)
  10 caustic shrikes
  9 golden dragons
  A curse toe (Zot:5)
  Jory (Crypt:1)
  Geryon (Hell)
  11 profane servitors
  the Enchantress (Depths:4)
  14 bone dragons
  14 Brimstone Fiends
  9 iron giants
  16 Tzitzimimeh
  A spectral shard shrike (Tar:7)
  12 Ice Fiends
  22 Hell Sentinels
  5 doom hounds
  2 electric golems (Zot:5)
  Rupert (D:14)
  25 hellephants
  Zenata (Elf:1)
  Jorgrun (D:13)
  Asterion (Snake:3)
  Mlioglotl (Snake:2)
  27 Orb Guardians
  13 tentacled monstrosities
  16 titans
  3 walking frostbound tomes (Pan)
  12 tainted leviathans
  A deep elf blademaster (Elf:3)
  4 liches
  4 quicksilver dragons
  15 sphinxes
  20 acid blobs
  18 ancient champions
  4 tentacled starspawn
  Murray (Depths:1)
  12 searing wretches
  A deep elf master archer (Elf:3)
  An eldritch tentacle (Pan)
  Frances (D:12)
  A kraken (Shoals:3)
  4 death cobs
  4 shadow dragons
  Agnes (Snake:1)
  5 tengu reavers
  26 Executioners (Pan)
  A thorn hunter (Zig:15)
  3 fenstrider witches
  7 protean progenitors
  A storm dragon (shapeshifter) (Zig:17)
  9 storm dragons
  Aizul (Snake:2)
  5 revenants
  11 azure jellies
  11 frost giants
  9 rockslimes
  Roxanne (Snake:2)
  8 draconian knights
  20 fire giants
  3 nagarajas
  9 deep elf sorcerers
  11 demonspawn warmongers (Pan)
  21 vault wardens
  A frost giant (shapeshifter) (Zig:17)
  6 shard shrike simulacra
  8 narguns
  6 quicksilver elementals
  6 draconian monks
  47 balrugs
  3 draconian shifters
  An emperor scorpion (shapeshifter) (Zig:17)
  2 ghost moths
  27 cacodemons
  4 draconian scorchers
  A ghost moth (shapeshifter) (Zig:17)
  2 spectral juggernauts (Tar:1)
  2 iron dragons
  2 imperial myrmidons (Desolation)
  A caustic shrike zombie (Hell)
  6 deep elf elementalists (Elf:3)
  51 reapers
  9 orc warlords
  4 draconian annihilators (Pan)
  2 juggernaut zombies
  7 formless jellyfish
  9 curse skulls
  10 ghouls
  13 quicksilver oozes
  A draconian stormcaller (Zot:4)
  28 very ugly things
  9 caustic shrike skeletons
  6 ironbound thunderhulks
  16 ironbound preservers
  9 juggernaut skeletons (Pan)
  7 demonspawn corrupters (Pan)
  9 demonspawn black suns (Pan)
  8 green draconians
  3 spriggan defenders (Depths:4)
  20 stone giants
  13 demonspawn blood saints
  2 ophanim
  17 elemental wellsprings
  37 putrid mouths
  4 deep elf demonologists
  3 halazid warlocks (Desolation)
  2 eleionomae (Zig:15)
  5 vampire knights
  4 deep elf death magi
  13 deep elf annihilators
  Nessos (Lair:3)
  3 purple draconians
  2 bunyips (Pan)
  8 lorocyprocas
  15 war gargoyles
  5 spark wasps
  6 yellow draconians
  15 dire elephants
  16 wendigos
  9 white draconians
  10 bennus (Tomb:3)
  Azrael (D:14)
  7 black draconians
  2 spectral titans
  4 orange crystal statues
  15 iron golems
  8 red draconians
  Snorg (Orc:1)
  12 eidola
  3 merfolk javelineers
  27 mummy priests
  17 ettins
  2 crystal guardians
  18 green deaths
  15 merfolk impalers
  2 shambling mangroves (Zig:15)
  Josephine (D:13)
  47 blizzard demons
  An entropy weaver (Abyss:5)
  A spectral iron giant (Tar:1)
  3 jiangshi
  7 deep elf high priests
  6 fire dragons
  36 vault guards
  A spriggan zombie (Tomb:3)
  9 yaktaur captains
  Erolcha (D:12)
  7 ice dragons
  11 great orbs of eyes
  4 spectral spriggans
  10 hydras
  4 ragged hierophants (Desolation)
  5 servants of whispers (Desolation)
  18 salamander tyrants
  12 peacekeepers
  4 catoblepae
  8 rakshasas
  An alligator (Zig:15)
  7 boulder beetles
  A quicksilver dragon skeleton (Crypt:1)
  9 jorogumos (Pan)
  9 caustic shrike simulacra
  4 hell beasts (Hell)
  5 spriggan skeletons
  Erica (D:8)
  3 spriggan air magi
  5 merfolk avatars
  2 ogre magi (D:15)
  11 two-headed ogres
  2 ghost crabs
  7 ironbound frosthearts
  6 juggernaut simulacra
  3 fenstrider witch skeletons
  A bennu zombie (Crypt:2)
  17 centaur warriors
  22 dancing weapons
  19 anacondas
  A stoker (Geh:5)
  An alligator snapping turtle (Shoals:3)
  3 death knights
  9 deep troll shamans
  22 hell hogs
  15 death yaks
  6 tengu warriors
  7 merfolk aquamancers
  4 satyrs
  4 vampire magi
  11 deep troll earth magi
  5 demonic crawlers (Pan)
  44 death scarabs
  A spectral storm dragon (Tar:1)
  3 orc high priests
  10 naga warriors
  A spectral dire elephant (Tar:3)
  6 spriggan berserkers
  11 shock serpents
  94 sun demons
  8 thrashing horrors
  17 naga sharpshooters
  38 soul eaters
  Sonja (Lair:3)
  Urug (D:12)
  10 skysharks
  Amaemon (Lair:3)
  9 deep elf knights
  Nergalle (D:11)
  A golden dragon zombie (Zig:11)
  29 hell knights
  6 wretched stars
  22 shadow wraiths
  A fire crab (shapeshifter) (Vaults:5)
  4 salamander mystics
  A titan skeleton (Crypt:1)
  34 sixfirhies
  15 iron trolls
  32 skeletal warriors
  The ghost of dakkaduck the Severer, a novice MiBe of Trog (D:7)
  10 hellephant skeletons (Pan)
  A spectral bunyip (Tar:2)
  8 mana vipers
  Lodul (D:13)
  A bunyip skeleton (Crypt:3)
  A goliath frog (Zig:15)
  6 sea snakes
  An anaconda zombie (Tomb:1)
  A spectral anaconda (Tar:2)
  2 mana vipers (shapeshifter)
  6 flayed ghosts
  85 deep trolls
  13 sun moths (Pan)
  28 shadow demons (Pan)
  5 swamp dragons
  6 quicksilver dragon simulacra
  A glowing orange brain (shapeshifter) (Zig:3)
  A spriggan druid (Zig:14)
  2 naga ritualists
  A spectral iron dragon (Tar:3)
  5 bog bodies
  10 deep elf archers
  4 glowing orange brains
  2 spriggan simulacra (Coc:4)
  5 arcanists
  6 obsidian statues
  A kraken simulacrum (Shoals:4)
  A golden dragon skeleton (Crypt:2)
  35 ironbound convokers
  5 phantasmal warriors
  22 starcursed masses
  16 deep elf zephyrmancers
  16 harpies
  18 lindwurms
  47 ugly things
  19 orc knights
  12 necromancers
  A tengu skeleton (Zig:11)
  Maurice (D:11)
  15 deep elf pyromancers
  5 oklob plants
  6 orc sorcerers
  14 fauns
  12 shining eyes
  13 manticores
  19 salamanders
  A will-o-the-wisp (Zig:15)
  2 worldbinders
  3 iron dragon skeletons
  A wolf spider (shapeshifter) (Vaults:1)
  13 naga magi
  A naga zombie (Crypt:3)
  An alligator skeleton (Tomb:1)
  9 elephants
  4 meliai
  15 moths of wrath
  17 cyclopes
  4 Executioner simulacra (Pan)
  An elephant (shapeshifter) (Zig:4)
  10 guardian serpents
  A moth of wrath (shapeshifter) (Depths:2)
  4 apocalypse crabs
  47 black mambas
  10 kobold blastminers
  A centaur zombie (Crypt:3)
  15 vault sentinels
  2 water nymphs
  A spectral centaur (Tar:2)
  Joseph (D:8)
  4 rust devils (Pan)
  8 ice statues
  6 molten gargoyles
  5 torpor snails
  58 smoke demons
  29 orange demons
  7 merfolk sirens
  5 eyes of devastation
  A dire elephant skeleton (Hell)
  5 titan simulacra
  8 gargoyles
  A cane toad (shapeshifter) (D:11)
  28 hellions
  41 yaktaurs
  A centaur skeleton (Crypt:3)
  10 efreet
  2 naga skeletons
  4 rime drakes
  27 cane toads
  7 unseen horrors
  7 freezing wraiths
  12 komodo dragons
  4 spectral nagas
  A redback zombie (Crypt:1)
  22 tormentors
  2 nameless horrors
  36 large abominations
  8 anaconda simulacra
  3 iron giant simulacra
  4 spectral harpies
  A golden dragon simulacrum (Coc:7)
  19 ice devils
  A tengu conjurer (D:15)
  10 trolls
  A tyrant leech (shapeshifter) (Abyss:5)
  2 silent spectres
  14 red devils
  2 merfolk (shapeshifter)
  58 guardian mummies
  4 harpy zombies
  33 merfolk
  2 ancient zymes
  A red draconian skeleton (Crypt:1)
  9 wind drakes
  52 saltlings (Desolation)
  32 hellwings (Pan)
  6 polar bears
  4 tyrant leeches (Zig:15)
  An alligator simulacrum (Crypt:1)
  14 hornets
  3 dream sheep
  25 blink frogs
  6 glass eyes
  An iron dragon simulacrum (Coc:7)
  5 raiju
  2 harpy skeletons
  2 stone giant simulacra
  A hydra skeleton (Crypt:1)
  8 snapping turtles
  An ettin zombie (Tomb:2)
  2 fire dragon skeletons
  A guardian serpent skeleton (Crypt:1)
  A black mamba zombie (Tomb:1)
  17 water elementals
  22 spriggans
  A spriggan (shapeshifter) (Zig:4)
  10 vampires
  16 ushabtiu
  119 slime creatures
  43 ynoxinuls (Pan)
  Sigmund (D:3)
  6 shadows
  12 dire elephant simulacra
  4 air elementals
  3 fire bats (Pan)
  22 yaks
  12 wraiths
  11 wyverns
  A black mamba skeleton (Hell)
  A slime creature zombie (Crypt:2)
  7 fire elementals
  31 golden eyes
  6 basilisks
  4 redbacks
  13 vampire mosquitoes
  9 wargs
  24 neqoxecs
  16 humans (D:14)
  4 steam dragons
  Grum (D:10)
  2 small abominations
  32 chaos spawn
  12 harpy simulacra
  7 hydra simulacra
  2 swamp worms (shapeshifter) (Vaults:5)
  27 nagas
  A cane toad zombie (Crypt:1)
  18 water moccasins
  11 hell hounds
  67 orc warriors
  6 ice beasts
  4 sky beasts
  A redback (shapeshifter) (Vaults:5)
  3 ettin simulacra
  6 black bears
  24 ogres
  39 laughing skulls
  8 boggarts
  32 wolves
  A lindwurm skeleton (Crypt:1)
  18 centaurs
  2 phantoms
  A kobold brigand (D:7)
  A hog skeleton (Crypt:1)
  8 brain worms
  9 bullfrogs
  5 necrophages
  2 earth elementals (Elf:2)
  2 scorpions
  A two-headed ogre simulacrum (IceCv)
  12 wights
  A raiju zombie (Crypt:1)
  5 killer bees
  13 howler monkeys
  8 vampire bats (Bailey)
  8 wolf zombies (Bailey)
  5 hounds
  19 orc priests
  A bombardier beetle (D:6)
  A gnoll bouda (D:7)
  A sleepcap (D:4)
  A human zombie (Crypt:1)
  3 jellies
  Jessica (D:3)
  8 iguanas
  Ijyb (D:3)
  21 orc wizards
  Terence (D:3)
  14 hell rats
  A wolf simulacrum (IceCv)
  An ogre skeleton (Crypt:2)
  58 mummies
  Robin (D:3)
  11 gnolls
  9 adders
  5 naga simulacra
  A shadow imp (Tar:7)
  A steam dragon skeleton (Crypt:2)
  2 ribbon worm zombies (Crypt:2)
  2 white imps
  4 ufetubi
  3 dart slugs
  85 orcs
  8 ball pythons
  4 bats
  6 endoplasms
  5 giant cockroaches
  26 goblins
  7 hobgoblins
  6 jackals
  4 quokkas
  3 training dummies (Elf:1)
  2 frilled lizards
  A hobgoblin zombie (Crypt:1)
  5 kobolds
  16 orc zombies (Bailey)
  3 rats
  2 aspiring fleshes (Zig:17)
  13 ball lightnings (Pan)
  A creeping inferno (Geh:6)
  7 fire vortices
  A lurking horror (Abyss:5)
  6 starspawn tentacles
  A tentacle (Shoals:3)
4633 creatures vanquished.

Vanquished Creatures (collateral kills)
  Cerebov (Pan)
  A dread lich (Vaults:4)
  3 royal mummies (Tomb:1)
  5 caustic shrikes
  A golden dragon (Dis:7)
  A profane servitor (Tar:7)
  3 iron giants
  A bone dragon (Tar:4)
  A doom hound (Tar:4)
  4 Ice Fiends (Coc:7)
  2 Hell Sentinels
  2 quicksilver dragons (Dis:7)
  2 titans (Coc:7)
  An ancient champion (Dis:7)
  A storm dragon (Vaults:5)
  A tengu reaver (Vaults:5)
  A daeva (D:5)
  The ghost of Domino the Warrior, a journeyman MiFi of Qazlal (D:12)
  2 iron dragons (Dis:7)
  A vault warden (Vaults:2)
  2 narguns (Coc:7)
  A cacodemon (Pan)
  A demonspawn corrupter (Pan)
  A stone giant (Vaults:2)
  A very ugly thing (Depths:2)
  A demonspawn black sun (Pan)
  3 putrid mouths
  2 elemental wellsprings (Coc:7)
  2 wendigos (Coc:7)
  5 war gargoyles (Dis:7)
  An ettin (Vaults:5)
  9 iron golems
  3 ice dragons (Coc:7)
  A soul eater (Pan)
  A sun demon (Pan)
  A shadow wraith (Vaults:5)
  An iron troll (Depths:2)
  A large abomination (Pan)
  A phantasmal warrior (Vaults:5)
  A rust devil (Pan)
  A titan simulacrum (Coc:7)
  2 orange demons
  A vault sentinel (Vaults:2)
  3 smoke demons (Pan)
  A hellion (Tar:4)
  2 tormentors
  An iron giant simulacrum (Coc:7)
  A guardian mummy (Tomb:1)
  A dire elephant simulacrum (Coc:7)
  An ushabti (Tomb:1)
  2 yaks (Lair:3)
  A harpy simulacrum (Coc:7)
  2 nameless horrors
  2 bullfrogs
  A howler monkey (D:12)
  A gnoll bouda (D:7)
  2 mummies (Tomb:1)
  A gnoll (D:4)
  A shadow imp (Tar:7)
  An ufetubus (D:7)
  An endoplasm (D:4)
103 creatures vanquished.

Vanquished Creatures (others)
  A shard shrike (Coc:7)
  2 pandemonium lords
  A bone dragon (Tar:4)
  3 Tzitzimimeh (Tar:7)
  2 Ice Fiends (Coc:7)
  2 Hell Sentinels
  A lich (Vaults:5)
  A titan (Coc:4)
  A sphinx (Tomb:1)
  A fenstrider witch (Zig:15)
  A draconian knight (Zot:5)
  An iron dragon (Dis:7)
  A frost giant (Zig:18)
  2 shard shrike simulacra (Coc:7)
  A balrug (Geh:7)
  2 demonspawn corrupters (Pan)
  An elemental wellspring (Coc:7)
  A wendigo (Coc:7)
  A red draconian (Zot:5)
  2 war gargoyles (Dis:7)
  A green death (Zig:15)
  A hell hog (Geh:1)
  A deep troll shaman (Depths:2)
  A sun demon (Depths:1)
  A crystal echidna (Dis:7)
  2 soul eaters (Pan)
  A shadow wraith (Tar:7)
  2 quicksilver dragon simulacra (Coc:4)
  2 spriggan simulacra (Coc:7)
  An ironbound convoker (Vaults:3)
  An orc knight (Vaults:5)
  A manticore (Shoals:2)
  An apocalypse crab (Abyss:5)
  An orange demon (Pan)
  2 smoke demons
  A hellion (Hell)
  A tormentor (Dis:5)
  A bloated husk (Zig:15)
  A shadow dragon simulacrum (Coc:1)
  A saltling (Desolation)
  A hornet (Depths:4)
  2 dire elephant simulacra
  2 ynoxinuls (Pan)
  A golden eye (Slime:1)
  A warg (Vaults:5)
  3 harpy simulacra
  2 nagas
  A hydra simulacrum (Coc:1)
  An orc warrior (Vaults:5)
  An ettin simulacrum (Coc:4)
  4 naga simulacra
  A hell rat (Hell)
  A white imp (D:6)
  14 ball lightnings (Pan)
  2 butterflies (Zig:8)
  36 fulminant prisms
  5 starspawn tentacles
  9 tentacles
139 creatures vanquished.

Grand Total: 4875 creatures vanquished

Notes
Turn   | Place    | Note
-------+----------+-------------------------------------------
     0 | D:1      | Aviak the Gnoll Ice Elementalist began the quest for the
                  | Orb.
     0 | D:1      | Reached XP level 1. HP: 13/13 MP: 6/6
   182 | D:1      | Reached XP level 2. HP: 19/19 MP: 4/7
   331 | D:1      | Reached skill level 5 in Spellcasting
   331 | D:1      | Reached XP level 3. HP: 24/25 MP: 2/9
   336 | D:1      | Learned a level 3 spell: Ozocubu's Armour
   340 | D:1      | Learned a level 3 spell: Frozen Ramparts
   344 | D:1      | Learned a level 3 spell: Summon Ice Beast
   572 | D:1      | Found a faded altar of an unknown god.
   665 | D:1      | Prayed at the altar of an unknown god.
   665 | D:1      | Became a worshipper of Cheibriados the Contemplative
   665 | D:1      | Reached * piety under Cheibriados
   775 | D:1      | Reached skill level 1 in Invocations
  1239 | D:2      | Reached skill level 1 in Fighting
  1239 | D:2      | Reached skill level 1 in Short Blades
  1239 | D:2      | Reached skill level 1 in Long Blades
  1239 | D:2      | Reached skill level 1 in Axes
  1239 | D:2      | Reached skill level 1 in Maces & Flails
  1239 | D:2      | Reached skill level 1 in Polearms
  1239 | D:2      | Reached skill level 1 in Staves
  1239 | D:2      | Reached skill level 1 in Ranged Weapons
  1239 | D:2      | Reached skill level 1 in Throwing
  1239 | D:2      | Reached skill level 1 in Armour
  1239 | D:2      | Reached skill level 1 in Shields
  1239 | D:2      | Reached skill level 1 in Unarmed Combat
  1239 | D:2      | Reached skill level 1 in Evocations
  1520 | D:2      | Reached ** piety under Cheibriados
  1521 | D:2      | Reached skill level 1 in Shapeshifting
  1521 | D:2      | Reached XP level 4. HP: 28/32 MP: 6/11
  2020 | D:3      | Noticed Asparus's ghost (amateur OpEE)
  2026 | D:3      | Found a runed translucent gate.
  2026 | D:3      | Found a runed translucent gate.
  2026 | D:3      | Found a runed translucent gate.
  2082 | D:3      | Noticed Robin
  2096 | D:3      | Killed Robin
  2097 | D:3      | Reached skill level 1 in Conjurations
  2097 | D:3      | Reached skill level 1 in Hexes
  2097 | D:3      | Reached skill level 1 in Summonings
  2097 | D:3      | Reached skill level 1 in Necromancy
  2097 | D:3      | Reached skill level 1 in Translocations
  2097 | D:3      | Reached skill level 1 in Fire Magic
  2097 | D:3      | Reached skill level 1 in Air Magic
  2097 | D:3      | Reached skill level 1 in Earth Magic
  2097 | D:3      | Reached skill level 1 in Alchemy
  2181 | D:3      | Identified the amulet of the Establishment {Faith -Tele
                  | rN+++ Regen+ Str-3}
  2191 | D:3      | Found a sacrificial altar of Ru.
  2275 | D:3      | Noticed Ijyb
  2281 | D:3      | Killed Ijyb
  2282 | D:3      | Reached XP level 5. HP: 33/37 MP: 8/12
  2378 | D:3      | Noticed Terence
  2381 | D:3      | Killed Terence
  2394 | D:3      | Noticed Sigmund
  2399 | D:3      | Killed Sigmund
  2399 | D:3      | Reached *** piety under Cheibriados
  2400 | D:3      | Reached skill level 5 in Dodging
  2400 | D:3      | Reached XP level 6. HP: 44/44 MP: 3/14
  2483 | D:3      | Noticed Jessica
  2496 | D:3      | Killed Jessica
  2808 | D:3      | Found a hazy altar of Hepliaklqana.
  3092 | D:4      | Reached XP level 7. HP: 45/50 MP: 10/15
  3166 | D:4      | Reached **** piety under Cheibriados
  3313 | D:4      | Reached skill level 5 in Stealth
  3685 | D:5      | Entered Level 5 of the Dungeon
  3821 | D:6      | Found a snail-covered altar of Cheibriados.
  3828 | D:6      | Reached XP level 8. HP: 58/58 MP: 9/16
  3866 | D:6      | Found a faded altar of an unknown god.
  3866 | D:6      | Found a sparkling altar of Nemelex Xobeh.
  3871 | D:6      | Found a shimmering blue altar of Sif Muna.
  3873 | D:6      | Found an iron altar of Okawaru.
  3874 | D:6      | Found a faded altar of an unknown god.
  3998 | D:7      | Reached ***** piety under Cheibriados
  4021 | D:7      | Found a staircase to the Ecumenical Temple.
  4053 | D:7      | Reached XP level 9. HP: 65/65 MP: 10/18
  4104 | D:7      | Found a flagged portal.
  4109 | Bailey   | Entered a bailey
  4194 | Bailey   | Noticed a gargoyle
  4200 | Bailey   | Killed a gargoyle
  4236 | Bailey   | Identified the +0 cloak "Geofy" {*Slow +Inv rN+ Int+3}
  4274 | Bailey   | Reached skill level 5 in Invocations
  4692 | D:8      | Reached skill level 5 in Fighting
  4692 | D:8      | Reached skill level 5 in Short Blades
  4692 | D:8      | Reached skill level 5 in Long Blades
  4692 | D:8      | Reached skill level 5 in Axes
  4692 | D:8      | Reached skill level 5 in Maces & Flails
  4692 | D:8      | Reached skill level 5 in Polearms
  4692 | D:8      | Reached skill level 5 in Staves
  4692 | D:8      | Reached skill level 5 in Ranged Weapons
  4692 | D:8      | Reached skill level 5 in Throwing
  4692 | D:8      | Reached skill level 5 in Armour
  4692 | D:8      | Reached skill level 5 in Shields
  4692 | D:8      | Reached skill level 5 in Unarmed Combat
  4692 | D:8      | Reached skill level 5 in Evocations
  4692 | D:8      | Reached XP level 10. HP: 74/74 MP: 16/20
  4694 | D:7      | Noticed dakkaduck's ghost (novice MiBe)
  4694 | D:7      | Found a large runed translucent door.
  4694 | D:7      | Found a large runed translucent door.
  4754 | D:8      | Noticed Erica
  4764 | D:8      | Noticed Joseph
  4766 | D:8      | Killed Erica
  4976 | D:8      | Killed Joseph
  5162 | D:9      | Found a staircase to the Orcish Mines.
  5227 | D:9      | Identified the +3 short sword "Kublut" {antimagic, Dex+2}
  5251 | D:9      | Reached skill level 5 in Shapeshifting
  5265 | D:9      | Learned a level 4 spell: Fulminant Prism
  5344 | D:10     | Entered Level 10 of the Dungeon
  5346 | D:10     | Noticed Grum
  5354 | D:10     | Killed Grum
  5443 | D:10     | Reached ****** piety under Cheibriados
  5521 | D:11     | Found a radiant altar of Vehumet.
  5596 | D:11     | Noticed Maurice
  5597 | D:11     | Noticed a cyclops
  5606 | D:11     | Killed a cyclops
  5615 | D:11     | Something stole a +1 short sword of holy wrath
  5618 | D:11     | Something stole 382 gold
  5622 | D:11     | Something stole a condenser vane
  5623 | D:11     | Killed Maurice
  5771 | D:11     | Reached skill level 5 in Conjurations
  5771 | D:11     | Reached skill level 5 in Hexes
  5771 | D:11     | Reached skill level 5 in Summonings
  5771 | D:11     | Reached skill level 5 in Necromancy
  5771 | D:11     | Reached skill level 5 in Translocations
  5771 | D:11     | Reached skill level 5 in Fire Magic
  5771 | D:11     | Reached skill level 5 in Air Magic
  5771 | D:11     | Reached skill level 5 in Earth Magic
  5771 | D:11     | Reached skill level 5 in Alchemy
  5771 | D:11     | Reached XP level 11. HP: 66/81 MP: 19/22
  5778 | D:11     | Noticed a boulder beetle
  5806 | D:11     | Killed a boulder beetle
  5936 | D:11     | Noticed an ice dragon
  5944 | D:11     | Killed an ice dragon
  6110 | D:11     | Noticed a manticore
  6115 | D:11     | Noticed a two-headed ogre
  6117 | D:11     | Killed a manticore
  6124 | D:11     | Killed a two-headed ogre
  6128 | D:11     | Noticed a cyclops
  6129 | D:11     | Noticed a deep elf pyromancer
  6130 | D:11     | Noticed a seven-headed hydra
  6133 | D:11     | Noticed a cyclops
  6134 | D:11     | Killed a deep elf pyromancer
  6138 | D:11     | Killed a five-headed hydra
  6139 | D:11     | Reached XP level 12. HP: 54/91 MP: 15/24
  6306 | D:11     | Noticed Nergalle
  6314 | D:11     | Killed Nergalle
  6424 | D:12     | Found a transporter.
  6430 | D:12     | Noticed Domino's ghost (journeyman MiFi)
  6501 | D:12     | Noticed Urug
  6509 | D:12     | Killed Urug
  6511 | D:12     | Noticed Frances
  6516 | D:12     | Learned a level 5 spell: Irradiate
  6529 | D:12     | Noticed Erolcha
  6531 | D:12     | Noticed a two-headed ogre
  6545 | D:12     | Killed Erolcha
  6547 | D:12     | Killed a two-headed ogre
  6814 | D:10     | Found a portal to a secret trove of treasure.
  8318 | D:7      | Killed dakkaduck's ghost
  8463 | D:9      | Identified the +3 ring mail "Keula" {^Contam Harm Int-2
                  | Stlth+}
  8485 | D:9      | Reached XP level 13. HP: 69/98 MP: 14/26
  8581 | D:9      | Found a staircase to the Lair.
  8613 | Lair:1   | Entered Level 1 of the Lair of Beasts
  8663 | Lair:1   | Reached skill level 10 in Ice Magic
  9383 | Lair:3   | Found a staircase to the Shoals.
  9434 | Lair:3   | Noticed Nessos
  9454 | Lair:3   | Killed Nessos
  9455 | Lair:3   | Reached skill level 10 in Spellcasting
  9598 | Lair:3   | Reached skill level 10 in Dodging
  9640 | Lair:3   | Noticed Amaemon
  9650 | Lair:3   | Killed Amaemon
  9697 | Lair:3   | Noticed Sonja
  9716 | Lair:3   | Killed Sonja
  9740 | Lair:3   | Found a frozen archway.
  9781 | IceCv    | Entered an ice cave
  9954 | IceCv    | Reached skill level 10 in Stealth
 10931 | IceCv    | Reached skill level 10 in Invocations
 10931 | IceCv    | Reached XP level 14. HP: 80/108 MP: 28/28
 11302 | IceCv    | Noticed a reaper
 11309 | IceCv    | Killed a reaper
 11568 | Lair:5   | Entered Level 5 of the Lair of Beasts
 12148 | Lair:5   | Learned a level 5 spell: Freezing Cloud
 12285 | Lair:5   | Got an earthy gem with 779 turns to spare
 12503 | Lair:5   | Paralysed by a hornet for 1 turns
 12591 | Lair:5   | Reached skill level 10 in Fighting
 12591 | Lair:5   | Reached skill level 10 in Short Blades
 12591 | Lair:5   | Reached skill level 10 in Long Blades
 12591 | Lair:5   | Reached skill level 10 in Axes
 12591 | Lair:5   | Reached skill level 10 in Maces & Flails
 12591 | Lair:5   | Reached skill level 10 in Polearms
 12591 | Lair:5   | Reached skill level 10 in Staves
 12591 | Lair:5   | Reached skill level 10 in Ranged Weapons
 12591 | Lair:5   | Reached skill level 10 in Throwing
 12591 | Lair:5   | Reached skill level 10 in Armour
 12591 | Lair:5   | Reached skill level 10 in Shields
 12591 | Lair:5   | Reached skill level 10 in Unarmed Combat
 12591 | Lair:5   | Reached skill level 10 in Evocations
 12883 | Lair:5   | Reached XP level 15. HP: 113/115 MP: 30/30
 12934 | Lair:5   | Lost the earthy gem through the power of Zot.
 13205 | Lair:5   | Found a staircase to the Slime Pits.
 13328 | Lair:5   | Found a viscous altar of Jiyva.
 14549 | Lair:3   | Found a staircase to the Snake Pit.
 14815 | Lair:3   | Learned a level 6 spell: Eringya's Noxious Bog
 16050 | Lair:1   | Identified the amulet "Wosecooh" {Reflect +Blink rPois
                  | rCorr Int-4 SH+5}
 16841 | Orc:1    | Entered Level 1 of the Orcish Mines
 16922 | Orc:1    | Noticed Snorg
 16933 | Orc:1    | Killed Snorg
 17203 | Orc:2    | Entered Level 2 of the Orcish Mines
 17668 | Orc:2    | Found Luecwant's Assorted Antiques.
 17686 | Orc:2    | Bought a bubbling dark potion for 24 gold pieces
 17686 | Orc:2    | Bought a lumpy silvery potion for 24 gold pieces
 17686 | Orc:2    | Bought a wand of iceblast (4) for 259 gold pieces
 17686 | Orc:2    | Bought a scroll labelled AJUQUOHIYR for 27 gold pieces
 17782 | Orc:2    | Found a staircase to the Elven Halls.
 17831 | Orc:2    | Noticed an orc warlord
 17841 | Orc:2    | Killed an orc warlord
 18110 | Orc:2    | Found Iceam's Assorted Antiques.
 18118 | Orc:2    | Bought a sack of spiders for 1400 gold pieces
 18227 | Orc:2    | Found Sexic's Antique Armour Emporium.
 18229 | Orc:2    | Found Wilushru's Antique Weapon Shoppe.
 18242 | Orc:2    | Bought a twisted long sword for 246 gold pieces
 18242 | Orc:2    | Identified the +0 long sword of Exquisite Death {drain,
                  | rCorr Dex-4 Stlth+} (You bought it in a shop on level 2 of
                  | the Orcish Mines)
 18392 | D:10     | Found an ancient bone altar of Kikubaaqudgha.
 18399 | D:10     | Found a burning altar of Makhleb.
 18399 | D:10     | Found a shadowy altar of Dithmenos.
 18819 | D:12     | Learned a level 4 spell: Passage of Golubria
 18822 | D:12     | Found a transporter.
 18829 | D:12     | Reached skill level 10 in Shapeshifting
 18836 | D:12     | Killed Domino's ghost
 18838 | D:12     | Identified the ring "Latz" {rC- Will+ MP+9 Int+3}
 18984 | D:12     | Killed Frances
 18985 | D:12     | Reached XP level 16. HP: 46/124 MP: 14/32
 19630 | D:12     | Found Doorhoa's Serpentskin Sales.
 19897 | D:13     | Identified the +1 leather armour of Dithmenos's Fury {rElec
                  | rF+ Str-4 Dex+6}
 20134 | D:13     | Noticed Josephine
 20142 | D:13     | Killed Josephine
 20259 | D:13     | Noticed Lodul
 20271 | D:13     | Killed Lodul
 20416 | D:13     | Noticed Jorgrun
 20434 | D:13     | Killed Jorgrun
 20971 | D:14     | Found a gate to the Vaults.
 21139 | D:14     | Found Huosuv's Jewellery Shop.
 21305 | D:14     | Noticed Azrael
 21319 | D:14     | Killed Azrael
 21764 | D:14     | Noticed Rupert
 21775 | D:14     | Killed Rupert
 22318 | D:15     | Entered Level 15 of the Dungeon
 22818 | D:15     | Identified the +0 dagger of Quick Death {heavy, Dex+4}
 22907 | D:15     | Found Ohiebak's Antique Armour Emporium.
 23092 | D:15     | Reached XP level 17. HP: 129/133 MP: 27/33
 23226 | D:15     | Found a staircase to the Depths.
 23336 | D:15     | Learned a level 6 spell: Sculpt Simulacrum
 23489 | Shoals:1 | Entered Level 1 of the Shoals
 23629 | Shoals:1 | Reached skill level 10 in Conjurations
 23629 | Shoals:1 | Reached skill level 10 in Hexes
 23629 | Shoals:1 | Reached skill level 10 in Summonings
 23629 | Shoals:1 | Reached skill level 10 in Necromancy
 23629 | Shoals:1 | Reached skill level 10 in Translocations
 23629 | Shoals:1 | Reached skill level 10 in Fire Magic
 23629 | Shoals:1 | Reached skill level 10 in Air Magic
 23629 | Shoals:1 | Reached skill level 10 in Earth Magic
 23629 | Shoals:1 | Reached skill level 10 in Alchemy
 23665 | Shoals:1 | Learned a level 2 spell: Lesser Beckoning
 23913 | Shoals:3 | Found Zajacyrr's Antique Weapon Boutique.
 23931 | Shoals:3 | Bought a glowing broad axe for 154 gold pieces
 23937 | Shoals:4 | Entered Level 4 of the Shoals
 24140 | Shoals:4 | Identified the +1 cloak of the Loofah {^Contam Fly rElec
                  | Int+4}
 24198 | Shoals:4 | Identified the +4 falchion of Integrity {freeze, rF++ rC++
                  | Int-4}
 24283 | Shoals:4 | Identified the +3 trident "Redoast" {flame, *Rage rElec
                  | rN++}
 24563 | Shoals:4 | Got an azure gem with 397 turns to spare
 24565 | Shoals:4 | Got a barnacled rune of Zot
 24724 | Shoals:4 | Identified the ring "Nimo" {+Blink rPois rC- MP+9 Dex-3}
 24871 | Shoals:4 | Lost the azure gem through the power of Zot.
 25084 | Shoals:3 | Found a shimmering blue altar of Sif Muna.
 25089 | Shoals:3 | Noticed a kraken
 25102 | Shoals:3 | Killed a kraken
 25286 | Shoals:3 | Reached XP level 18. HP: 132/141 MP: 15/35
 26085 | Snake:1  | Entered Level 1 of the Snake Pit
 26388 | Snake:2  | Found Kiguen's Assorted Antiques.
 26394 | Snake:2  | Bought a vibrating tin ring for 165 gold pieces
 26394 | Snake:2  | Identified the ring of Ituluvua {rF+ rC+} (You bought it in
                  | a shop on level 2 of the Snake Pit)
 26394 | Snake:2  | Bought a potion of resistance for 330 gold pieces
 26394 | Snake:2  | Bought an amethyst potion for 29 gold pieces
 26472 | Snake:3  | Noticed Saint Roka
 26493 | Snake:3  | Killed Saint Roka
 26588 | Snake:4  | Entered Level 4 of the Snake Pit
 26621 | Snake:4  | Noticed Asterion
 26644 | Snake:3  | Killed Asterion
 26662 | Snake:3  | Reached skill level 15 in Ice Magic
 26834 | Snake:4  | Upgraded the game from 0.31.0-4-g52a2dc7128 to
                  | 0.31.0-7-gf635a9b802
 26999 | Snake:3  | Noticed Mara
 27328 | Snake:4  | Reached XP level 19. HP: 89/149 MP: 14/37
 27494 | Snake:4  | Got a jade gem with 660 turns to spare
 27496 | Snake:4  | Got a serpentine rune of Zot
 27914 | Snake:3  | Noticed Vashnia
 27943 | Snake:3  | Killed Vashnia
 27946 | Snake:3  | Lost the jade gem through the power of Zot.
 28017 | Snake:3  | Noticed a Hell Sentinel
 28027 | Snake:3  | Found a one-way gate to the infinite horrors of the Abyss.
 28027 | Snake:3  | Noticed Akuuror's ghost (adept GrFi)
 28037 | Snake:3  | Found a transporter.
 28048 | Snake:3  | Found a transporter.
 28050 | Snake:3  | Identified a scroll of acquirement
 28234 | Snake:2  | Noticed Roxanne
 28252 | Snake:2  | Noticed Mlioglotl
 28519 | Snake:2  | Noticed a bone dragon
 28528 | Snake:2  | Killed Mlioglotl
 28625 | Snake:2  | Killed Roxanne
 28898 | Snake:2  | Identified the serpent talisman of Ru {rN++ Will++ Int+3}
 28898 | Snake:2  | Noticed Aizul
 28908 | Snake:2  | Killed Aizul
 29070 | Snake:2  | Identified the +1 sling of Uskayaw {heavy, rElec rCorr
                  | Str+3 Int-3}
 29168 | Snake:1  | Noticed Agnes
 29180 | Snake:1  | Killed Agnes
 29575 | Elf:1    | Entered Level 1 of the Elven Halls
 29622 | Elf:1    | You are sucked into a shaft and drop 1 floor!
 29635 | Elf:3    | Entered Level 3 of the Elven Halls
 29639 | Elf:2    | Acquired the +2 hat of Broken Taboos {Regen+ rCorr SInv}
 29719 | Elf:3    | Found a shimmering blue altar of Sif Muna.
 29723 | Elf:3    | Got the Compilation of Geometry
 29750 | Elf:3    | Found Veraisoth's Antique Weapon Boutique.
 29761 | Elf:2    | Found a runed translucent gate.
 29769 | Elf:2    | Reached skill level 15 in Invocations
 29791 | Elf:3    | Found Itwisan's Magic Scroll Emporium.
 29794 | Elf:3    | Bought a scroll of fear for 68 gold pieces
 29816 | Elf:3    | Found Uhiposs's Book Shop.
 29821 | Elf:3    | Bought Maxwell's Memoranda for 520 gold pieces
 29860 | Elf:3    | Learned a level 5 spell: Arcjolt
 29884 | Elf:3    | Noticed Bai Suzhen
 29910 | Elf:3    | Killed Bai Suzhen
 30081 | Elf:3    | Reached XP level 20. HP: 104/158 MP: 30/38
 30173 | Elf:3    | Identified the ring of Lyobeump {Wiz rElec rF- rC- Str+7}
 30418 | Elf:3    | Got the Catalogue of Inflammable Chilblains
 30425 | Elf:3    | Got the Compilation of Telluric Cinders
 30505 | Elf:3    | Got a shimmering gem with 571 turns to spare
 30521 | Elf:3    | Acquired 1072 gold pieces
 30523 | Elf:3    | Identified the +0 leather armour of the Snake Pit {rCorr
                  | Int+4}
 30644 | Elf:3    | Noticed a Brimstone Fiend
 30687 | Elf:3    | Got the Secrets of Felsic Toxicology
 30816 | Elf:2    | Found Juima's Antique Weapon Boutique.
 30842 | Elf:2    | Lost the shimmering gem through the power of Zot.
 30858 | Elf:3    | Bought a scroll of acquirement for 884 gold pieces
 30858 | Elf:3    | Acquired 896 gold pieces
 30906 | Elf:2    | Found a runed translucent gate.
 30906 | Elf:2    | Found a runed translucent gate.
 31199 | Elf:1    | Reached skill level 15 in Spellcasting
 31269 | Elf:1    | Noticed Zenata
 31288 | Elf:1    | Killed Zenata
 31500 | Elf:1    | Found Tatypriel's General Store.
 31540 | Elf:1    | Found Roell's Firing Range.
 31843 | Vaults:1 | Entered Level 1 of the Vaults
 31871 | Vaults:1 | Reached skill level 15 in Dodging
 32025 | Vaults:1 | Reached skill level 15 in Stealth
 32066 | Vaults:1 | Paralysed by a formless jellyfish for 1 turns
 32348 | Vaults:2 | Learned a level 2 spell: Sublimation of Blood
 32421 | Vaults:2 | Reached skill level 15 in Staves
 32461 | Vaults:2 | Reached XP level 21. HP: 166/166 MP: 6/40
 32736 | Vaults:3 | Noticed Margery
 32753 | Vaults:3 | Killed Margery
 32876 | Vaults:3 | Found a magical portal.
 32888 | WizLab   | Entered Wucad Mu's Monastery
 32935 | WizLab   | Learned a level 5 spell: Yara's Violent Unravelling
 33070 | WizLab   | Found the crystal ball of Wucad Mu {*channel}
 33205 | WizLab   | Reached XP level 22. HP: 174/174 MP: 39/41
 33444 | Vaults:3 | Found Tovosch's Magic Scroll Shoppe.
 33646 | Vaults:4 | Found a crumbling gateway.
 33656 | Desolati | Entered the Desolation of Salt
 33703 | Desolati | Learned a level 6 spell: Plasma Beam
 33760 | Desolati | Reached skill level 15 in Fighting
 33760 | Desolati | Reached skill level 15 in Short Blades
 33760 | Desolati | Reached skill level 15 in Long Blades
 33760 | Desolati | Reached skill level 15 in Axes
 33760 | Desolati | Reached skill level 15 in Maces & Flails
 33760 | Desolati | Reached skill level 15 in Polearms
 33760 | Desolati | Reached skill level 15 in Ranged Weapons
 33760 | Desolati | Reached skill level 15 in Throwing
 33760 | Desolati | Reached skill level 15 in Armour
 33760 | Desolati | Reached skill level 15 in Shields
 33760 | Desolati | Reached skill level 15 in Unarmed Combat
 33760 | Desolati | Reached skill level 15 in Evocations
 33810 | Desolati | Identified the +3 mace of Adyem {flame, rF- Will+ Dex+5}
 34015 | Desolati | Identified the +1 battleaxe of the Eggplant {heavy, rPois
                  | Str+3 Dex+4}
 34017 | Desolati | Got Hoiventa's Information on Malisons
 34018 | Desolati | Identified the ring of Zufigep {Fire rPois rN+}
 34151 | Desolati | Identified the amulet "Unuape" {Faith Int+3}
 34191 | Desolati | Identified the storm talisman "Tiffaop" {Str+7 Stlth-}
 34192 | Desolati | Identified the +1 ring mail of the Leaf {rElec rF+ Dex+2}
 34199 | Desolati | Got Poising's Almanac of Destined Destruction
 34408 | Desolati | Identified the amulet "Zausyitz" {Reflect Dex+2 SH+5}
 34761 | Vaults:5 | Entered Level 5 of the Vaults
 34794 | Vaults:5 | Reached XP level 23. HP: 95/182 MP: 5/43
 34965 | Vaults:5 | Noticed a dread lich
 34981 | Vaults:5 | Identified the ring "Puyv" {rC+ rN+ Str+2 Dex-2}
 34985 | Vaults:4 | Paralysed by a dread lich for 5 turns
 34989 | Vaults:4 | Killed a dread lich
 35108 | Vaults:5 | Identified the amulet "Pahisir" {RegenMP Dex+5 Slay-2}
 35438 | Vaults:5 | Found the ring of the Tortoise {AC+8}
 35470 | Vaults:5 | Identified the +3 trident of Defiance {vamp, rPois Dex+3}
 35521 | Vaults:5 | Got the Octavo of the Ghoulish Ground
 35531 | Vaults:5 | Got a silver rune of Zot
 35534 | Vaults:5 | Got a shining gem with 532 turns to spare
 35949 | Vaults:5 | Lost the shining gem through the power of Zot.
 37018 | Vaults:4 | Reached skill level 15 in Air Magic
 37028 | Vaults:4 | Acquired the ring of the Skies Above {*Slow rN++ AC+4
                  | Slay+3 Stlth+}
 37546 | Vaults:4 | Found Ivaej's General Store.
 37564 | Vaults:4 | Bought a scroll of blinking for 105 gold pieces
 37767 | Vaults:4 | Reached XP level 24. HP: 191/191 MP: 40/45
 38323 | Vaults:3 | Found a staircase to the Crypt.
 38340 | Crypt:1  | Entered Level 1 of the Crypt
 38410 | Crypt:2  | Reached skill level 15 in Shapeshifting
 38666 | Crypt:2  | Learned a level 4 spell: Dispel Undead
 38673 | Crypt:3  | Entered Level 3 of the Crypt
 38880 | Crypt:3  | Found a staircase to the Tomb.
 38882 | Crypt:3  | Noticed an ancient lich
 38887 | Crypt:3  | Noticed an ancient lich
 38890 | Crypt:3  | Killed an ancient lich
 38893 | Crypt:3  | Killed an ancient lich
 38917 | Crypt:3  | Noticed a dread lich
 38922 | Crypt:3  | Paralysed by a dread lich for 3 turns
 38926 | Crypt:3  | Paralysed by a dread lich for 3 turns
 38929 | Crypt:3  | Killed a dread lich
 38936 | Crypt:3  | Got an ivory gem with 933 turns to spare
 39027 | Crypt:3  | Got the Guide on Meteoric Effluvium
 39056 | Crypt:3  | Identified the +10 halberd of Fate {spect, rN+}
 39367 | Crypt:3  | Lost the ivory gem through the power of Zot.
 39666 | Crypt:3  | Noticed an ancient lich
 39670 | Crypt:3  | Killed an ancient lich
 39785 | Crypt:3  | Identified the staff of War {rC+ rN+ rCorr Int+3 Dex+2
                  | Necro}
 40068 | Crypt:3  | Identified the ring of Cefozuw {rC+ Str+4 Dex+5}
 40860 | Crypt:1  | Noticed Jory
 40866 | Crypt:1  | Killed Jory
 41774 | Vaults:4 | Bought a scroll of amnesia for 56 gold pieces
 41842 | Vaults:3 | Bought a scroll of amnesia for 64 gold pieces
 41846 | Vaults:3 | Learned a level 2 spell: Call Imp
 42000 | Vaults:3 | Learned a level 7 spell: Orb of Destruction
 42209 | Vaults:3 | Found Nupav's Distillery.
 42239 | Vaults:3 | Identified the +4 morningstar of Mavoynk {spect, MP+9 Str-4
                  | Int+4 Dex+2}
 42271 | Vaults:3 | Reached XP level 25. HP: 200/200 MP: 40/46
 42320 | Vaults:3 | Paralysed by a sphinx for 5 turns
 42328 | Vaults:3 | Paralysed by a sphinx for 2 turns
 42523 | Vaults:3 | Noticed Sojobo
 42529 | Vaults:3 | Paralysed by an air elemental for 1 turns
 42532 | Vaults:3 | Killed Sojobo
 42766 | Vaults:3 | Found Keanism's Armour Boutique.
 43206 | Vaults:2 | Found Rawnorph's Assorted Antiques.
 43352 | Vaults:2 | Acquired 722 gold pieces
 44089 | Vaults:1 | Found Jerottozitt's Armour Shop.
 44781 | Depths:1 | Entered Level 1 of the Depths
 44948 | Depths:1 | Found a glowing golden altar of the Shining One.
 45183 | Depths:1 | Found a one-way gate leading to the halls of Pandemonium.
 45684 | Depths:4 | Entered Level 4 of the Depths
 45691 | Depths:4 | Noticed the Enchantress
 45697 | Depths:4 | Killed the Enchantress
 45728 | Depths:4 | Reached XP level 26. HP: 209/209 MP: 3/47
 45815 | Depths:4 | Found a gate to the Realm of Zot.
 45827 | Depths:4 | Reached skill level 15 in Conjurations
 45827 | Depths:4 | Reached skill level 15 in Hexes
 45827 | Depths:4 | Reached skill level 15 in Summonings
 45827 | Depths:4 | Reached skill level 15 in Necromancy
 45827 | Depths:4 | Reached skill level 15 in Translocations
 45827 | Depths:4 | Reached skill level 15 in Fire Magic
 45827 | Depths:4 | Reached skill level 15 in Earth Magic
 45827 | Depths:4 | Reached skill level 15 in Alchemy
 45849 | Depths:4 | Got a midnight gem with 705 turns to spare
 45955 | Depths:4 | Identified the orb of Wrong Decisions {*channel, rF- Stlth+
                  | Tloc}
 45955 | Depths:4 | Noticed Frederick
 45967 | Depths:4 | Killed Frederick
 46205 | Depths:4 | Lost the midnight gem through the power of Zot.
 46302 | Depths:4 | Found a one-way gateway to a ziggurat.
 46364 | Depths:4 | Found a hide-covered altar of Uskayaw.
 46815 | Depths:4 | Found a gateway to Hell.
 48286 | Depths:2 | Voluntarily entered the Abyss.
 48295 | Abyss:1  | Found a corrupted altar of Lugonu.
 48326 | Abyss:3  | Found a corrupted altar of Lugonu.
 48423 | Abyss:4  | Learned a level 8 spell: Ignition
 48523 | Abyss:5  | Got an abyssal rune of Zot
 48533 | Depths:2 | Escaped the Abyss
 48824 | D:10     | You paid a toll of +2 storm dragon scales to enter a
                  | treasure trove
 48825 | Trove    | Entered a treasure trove
 48851 | Trove    | Got the Secrets of the Unstable Throng
 48853 | Trove    | Got Sif Muna's Atlas of the Summoned Crater
 48871 | Trove    | Found the amulet of the Air {Inacc Air Fly rElec RMsl}
 48899 | D:10     | Acquired a book of Ice
 49047 | Slime:1  | Entered Level 1 of the Pits of Slime
 49050 | Slime:1  | Gained mutation: Your body sometimes deteriorates upon
                  | taking damage. [a shining eye]
 49051 | Slime:1  | Gained mutation: Your spells are easier to cast, but less
                  | powerful. [a shining eye]
 49076 | Lair:5   | Reached XP level 27. HP: 218/218 MP: 3/48
 49258 | Slime:5  | Entered Level 5 of the Pits of Slime
 49280 | Slime:5  | Noticed the Royal Jelly
 49288 | Slime:5  | Killed the Royal Jelly
 49308 | Slime:5  | Got a starry gem with 292 turns to spare
 49318 | Slime:5  | Got a slimy rune of Zot
 49328 | Slime:5  | Identified the +1 robe of Submission {MP+9}
 49347 | Slime:5  | Lost mutation: Your body sometimes deteriorates upon taking
                  | damage. [a shining eye]
 49348 | Slime:5  | Gained mutation: You are partially covered in iridescent
                  | scales. (AC +2) [a shining eye]
 49439 | Slime:5  | Identified the +7 quarterstaff of Calculation {protect,
                  | ^Drain rN++ rCorr Dex-3}
 49466 | Slime:5  | Identified the +10 shortbow of Cikishraki {flame, rF- rC++
                  | Will+}
 49475 | Slime:5  | Lost the starry gem through the power of Zot.
 49501 | Slime:5  | Identified the ring of Jowiubatt {rElec rF+ Str+6}
 49504 | Slime:5  | Identified the +4 mace "Keidenub" {venom, *Slow rElec
                  | rPois}
 49552 | Slime:5  | Identified the +2 rapier of Skirmishing {freeze, rF+ rC-
                  | Str+3 Stlth+}
 49569 | Slime:5  | Identified the staff of Rubbish {rN+ Stlth- Conj Necro}
 49593 | Slime:5  | Noticed Dissolution
 49608 | Slime:5  | Killed Dissolution
 49823 | Lair:5   | Learned a level 9 spell: Polar Vortex
 50059 | Hell     | Entered the Vestibule of Hell
 50059 | Hell     | Noticed Geryon
 50061 | Hell     | Noticed Murray
 50122 | Depths:1 | Killed Murray
 50567 | Hell     | Killed Geryon
 50646 | Pan      | Entered Pandemonium
 50687 | Pan      | Noticed Mogesani the pandemonium lord
 50695 | Pan      | Killed Mogesani the pandemonium lord
 51202 | Pan      | Noticed Veissogg the pandemonium lord
 51214 | Pan      | Killed Veissogg the pandemonium lord
 51221 | Pan      | Got a demonic rune of Zot
 51348 | Pan      | Found an exit through the horrors of the Abyss.
 51358 | Pan      | Noticed Jiasch the pandemonium lord
 51378 | Pan      | Killed Jiasch the pandemonium lord
 51399 | Pan      | Entered the realm of Lom Lobon.
 51574 | Pan      | Learned a level 8 spell: Lehudib's Crystal Spear
 51904 | Pan      | Noticed Lom Lobon
 52250 | Pan      | Learned a level 5 spell: Borgnjor's Vile Clutch
 52321 | Pan      | Killed Lom Lobon
 52368 | Pan      | Got a magical rune of Zot
 52672 | Pan      | Noticed Qoed the pandemonium lord
 52677 | Pan      | Killed Qoed the pandemonium lord
 52692 | Pan      | Gained mutation: Your body sometimes deteriorates upon
                  | taking damage. [a cacodemon]
 53022 | Pan      | Upgraded the game from 0.31.0-7-gf635a9b802 to
                  | 0.31.0-9-g3a7656b989
 53028 | Pan      | Found a huge runed translucent gate.
 53029 | Pan      | Found a huge runed translucent gate.
 53030 | Pan      | Found a huge runed translucent gate.
 53031 | Pan      | Found a huge runed translucent gate.
 53032 | Pan      | Found a huge runed translucent gate.
 53033 | Pan      | Found a huge runed translucent gate.
 53065 | Pan      | Found a huge runed translucent gate.
 53192 | Pan      | Noticed Qiyjeakh the pandemonium lord
 53201 | Pan      | Killed Qiyjeakh the pandemonium lord
 53241 | Pan      | Gained mutation: You are clumsy. (Dex -2) [a cacodemon]
 53334 | Pan      | Found a huge runed translucent gate.
 53334 | Pan      | Found a huge runed translucent gate.
 53334 | Pan      | Found a huge runed translucent gate.
 53334 | Pan      | Found a huge runed translucent gate.
 53334 | Pan      | Found a huge runed translucent gate.
 53334 | Pan      | Found a huge runed translucent gate.
 53360 | Pan      | Identified the ring "Nog Sinus" {Wiz Int+4 Dex+3}
 53363 | Pan      | Found a huge runed translucent gate.
 53363 | Pan      | Found a huge runed translucent gate.
 53363 | Pan      | Found a huge runed translucent gate.
 53363 | Pan      | Found a huge runed translucent gate.
 53363 | Pan      | Found a huge runed translucent gate.
 53363 | Pan      | Found a huge runed translucent gate.
 53366 | Pan      | Found a huge runed translucent gate.
 53366 | Pan      | Found a huge runed translucent gate.
 53366 | Pan      | Found a huge runed translucent gate.
 53366 | Pan      | Found a huge runed translucent gate.
 53366 | Pan      | Found a huge runed translucent gate.
 53367 | Pan      | Noticed Ohiko the pandemonium lord
 53375 | Pan      | Killed Ohiko the pandemonium lord
 53391 | Pan      | Identified the +7 flail "Impbane" {flame, Fly rCorr Str-4
                  | Int+2}
 53481 | Pan      | Noticed Eceziotz the pandemonium lord
 53495 | Pan      | Killed Eceziotz the pandemonium lord
 53572 | Pan      | Gained mutation: You are occasionally teleported next to
                  | monsters. [a cacodemon]
 53654 | Pan      | Noticed Dawar the pandemonium lord
 53663 | Pan      | Killed Dawar the pandemonium lord
 53832 | Pan      | Gained mutation: Your body often deteriorates upon taking
                  | damage. [a neqoxec]
 53835 | Pan      | Noticed Pureyz the pandemonium lord
 53840 | Pan      | Killed Pureyz the pandemonium lord
 53959 | Pan      | Entered the realm of Gloorx Vloq.
 54088 | Pan      | Lost mutation: You are clumsy. (Dex -2) [potion of
                  | mutation]
 54088 | Pan      | Lost mutation: You are partially covered in iridescent
                  | scales. (AC +2) [potion of mutation]
 54088 | Pan      | Lost mutation: You are occasionally teleported next to
                  | monsters. [potion of mutation]
 54088 | Pan      | Gained mutation: You have a pair of small antennae on your
                  | head. [potion of mutation]
 54088 | Pan      | Gained mutation: You are partially covered in iridescent
                  | scales. (AC +2) [potion of mutation]
 54596 | Pan      | Noticed Gloorx Vloq
 54627 | Pan      | Killed Gloorx Vloq
 54656 | Pan      | Got a dark rune of Zot
 55275 | Pan      | Noticed Veat the pandemonium lord
 55474 | Pan      | Noticed Rakhlez the pandemonium lord
 55484 | Pan      | Killed Rakhlez the pandemonium lord
 55821 | Pan      | Entered the realm of Cerebov.
 56004 | Pan      | Identified the +3 orcbow "Ribri" {speed, rC+}
 56030 | Pan      | Identified the ring "Dyruy" {Fire Dex+3}
 56117 | Pan      | Identified the orb "Wiczi" {mayhem, rElec}
 56177 | Pan      | Identified the +6 arbalest of Abomination {drain, ^Drain
                  | rN++ rCorr Str-4}
 56284 | Pan      | Found the +6 sword of Cerebov {flame}
 56284 | Pan      | Noticed Cerebov
 56320 | Pan      | Killed Cerebov
 56396 | Pan      | Identified the +7 rapier "Jawueptecwo" {freeze, rElec rN+
                  | MP-9 Dex+3}
 56397 | Pan      | Identified the +1 robe of Ignis's Inspiration {-Tele Int+4
                  | Archmagi}
 56471 | Pan      | Got a fiery rune of Zot
 56525 | Pan      | Identified the ring "Bosoull" {rC+ MP+9 Int+6}
 56558 | Pan      | Identified the +5 whip of Equilibrium {elec, rElec rC+
                  | Stlth+}
 56584 | Pan      | Identified the amulet "Eply" {Spirit Rampage +Blink Will-
                  | Int-2}
 57149 | Pan      | Entered the realm of Mnoleg.
 57661 | Pan      | Found an exit through the horrors of the Abyss.
 57727 | Pan      | Gained mutation: Your health recovers twice as slowly from
                  | being drained. [a cacodemon]
 57728 | Pan      | Gained mutation: You have supernaturally acute eyesight.
                  | (SInv) [a cacodemon]
 57740 | Pan      | Gained mutation: Your spells are easier to cast, but less
                  | powerful. [a cacodemon]
 57745 | Pan      | Gained mutation: You are frail. (-10% HP) [a cacodemon]
 58052 | Pan      | Gained mutation: You are occasionally teleported next to
                  | monsters. [a cacodemon]
 58055 | Pan      | Gained mutation: You are weak. (Str -2) [a cacodemon]
 58169 | Pan      | Noticed Mnoleg
 58514 | Pan      | Killed Mnoleg
 58630 | Pan      | Learned a level 9 spell: Dragon's Call
 58639 | Pan      | Got a glowing rune of Zot
 58717 | Pan      | Gained mutation: You are vulnerable to cold. (rC-) [a
                  | cacodemon]
 58720 | Pan      | Gained mutation: You are very weak. (Str -4) [a cacodemon]
 58748 | Pan      | Took an exit into the Abyss.
 58748 | Abyss:5  | Escaped into the Abyss
 58766 | Abyss:5  | Identified the amulet "Qicuded" {rElec rN+ Will+ Regen+
                  | Int-4}
 58800 | Abyss:5  | Found a corrupted altar of Lugonu.
 58881 | Depths:1 | Escaped the Abyss
 59046 | Depths:4 | Lost mutation: You are frail. (-10% HP) [potion of
                  | mutation]
 59046 | Depths:4 | Lost mutation: You have supernaturally acute eyesight.
                  | (SInv) [potion of mutation]
 59046 | Depths:4 | Gained mutation: Your movements are slightly less
                  | encumbered by armour. (ER -2) [potion of mutation]
 59047 | Depths:4 | Lost mutation: Your body often deteriorates upon taking
                  | damage. [potion of mutation]
 59047 | Depths:4 | Lost mutation: You are vulnerable to cold. (rC-) [potion of
                  | mutation]
 59047 | Depths:4 | Lost mutation: Your movements are slightly less encumbered
                  | by armour. (ER -2) [potion of mutation]
 59047 | Depths:4 | Gained mutation: Your flesh is cold resistant. (rC+)
                  | [potion of mutation]
 59048 | Depths:4 | Lost mutation: You are very weak. (Str -4) [potion of
                  | mutation]
 59048 | Depths:4 | Lost mutation: You are partially covered in iridescent
                  | scales. (AC +2) [potion of mutation]
 59048 | Depths:4 | Lost mutation: You are weak. (Str -2) [potion of mutation]
 59048 | Depths:4 | Gained mutation: Your flesh is very cold resistant. (rC++)
                  | [potion of mutation]
 59048 | Depths:4 | Gained mutation: You are robust. (+10% HP) [potion of
                  | mutation]
 59048 | Depths:4 | Gained mutation: You passively map a small area around you.
                  | [potion of mutation]
 59049 | Depths:4 | Lost mutation: Your health recovers twice as slowly from
                  | being drained. [potion of mutation]
 59049 | Depths:4 | Lost mutation: Your flesh is very cold resistant. (rC++)
                  | [potion of mutation]
 59049 | Depths:4 | Gained mutation: You are strong-willed. (Will+) [potion of
                  | mutation]
 59050 | Depths:4 | Lost mutation: Your flesh is cold resistant. (rC+) [potion
                  | of mutation]
 59050 | Depths:4 | Lost mutation: You are strong-willed. (Will+) [potion of
                  | mutation]
 59050 | Depths:4 | Gained mutation: You are resistant to electric shocks.
                  | (rElec) [potion of mutation]
 59051 | Depths:4 | Lost mutation: Your spells are easier to cast, but less
                  | powerful. [potion of mutation]
 59051 | Depths:4 | Lost mutation: Your body sometimes deteriorates upon taking
                  | damage. [potion of mutation]
 59051 | Depths:4 | Lost mutation: You are resistant to electric shocks.
                  | (rElec) [potion of mutation]
 59051 | Depths:4 | Gained mutation: You sometimes lose your temper in combat.
                  | [potion of mutation]
 59051 | Depths:4 | Gained mutation: You are partially covered in iridescent
                  | scales. (AC +2) [potion of mutation]
 59052 | Depths:4 | Lost mutation: You sometimes lose your temper in combat.
                  | [potion of mutation]
 59052 | Depths:4 | Lost mutation: You passively map a small area around you.
                  | [potion of mutation]
 59052 | Depths:4 | Lost mutation: You are occasionally teleported next to
                  | monsters. [potion of mutation]
 59052 | Depths:4 | Gained mutation: Your flesh is heat resistant. (rF+)
                  | [potion of mutation]
 59052 | Depths:4 | Gained mutation: You occasionally shout uncontrollably at
                  | your foes. [potion of mutation]
 59052 | Depths:4 | Gained mutation: You are dopey. (Int -2) [potion of
                  | mutation]
 59052 | Depths:4 | Gained mutation: Your system is resistant to poisons.
                  | (rPois) [potion of mutation]
 59081 | Zig:1    | Entered Level 1 of a ziggurat
 59096 | Zig:2    | Entered Level 2 of a ziggurat
 59109 | Zig:3    | Entered Level 3 of a ziggurat
 59130 | Zig:4    | Entered Level 4 of a ziggurat
 59133 | Zig:4    | Noticed Pafilat the pandemonium lord
 59141 | Zig:4    | Killed Pafilat the pandemonium lord
 59164 | Zig:5    | Entered Level 5 of a ziggurat
 59195 | Zig:6    | Entered Level 6 of a ziggurat
 59220 | Zig:6    | Identified the ring "Othimu" {*Slow Fly rN+ Str+2 SInv}
 59222 | Zig:6    | Identified the +1 robe of Beogh's Displeasure {^Drain
                  | +Blink rElec rCorr}
 59226 | Zig:6    | Identified the +3 morningstar "Beofiz" {heavy, rPois rC+}
 59299 | Zig:7    | Entered Level 7 of a ziggurat
 59318 | Zig:7    | Identified the amulet of Pejyluv {Acrobat Regen+ SInv}
 59320 | Zig:7    | Identified the +4 mace "Demonbane" {flame, rC++ Str-2 SInv}
 59435 | Zig:8    | Entered Level 8 of a ziggurat
 59442 | Zig:8    | Found the +8 orange crystal plate armour {Archmagi, Int+3
                  | Clar}
 59442 | Zig:8    | Found the +3 salamander hide armour {Flames, rFlCloud rF++
                  | rC--}
 59467 | Zig:8    | Identified the amulet of Areomaa {Spirit Str+4}
 59489 | Zig:9    | Entered Level 9 of a ziggurat
 59522 | Zig:9    | Identified the +4 falchion of Dissent {spect, rF+ MP+9
                  | Stlth+}
 59529 | Zig:10   | Entered Level 10 of a ziggurat
 59577 | Zig:10   | Identified the ring "Vusy" {Fire rElec}
 59590 | Zig:10   | Identified the staff of Imbalance {rPois Int+7 Dex-2 Earth
                  | Alchemy}
 59602 | Zig:11   | Entered Level 11 of a ziggurat
 59604 | Zig:11   | Noticed a royal mummy
 59620 | Zig:11   | Noticed a royal mummy
 59622 | Zig:11   | Noticed a royal mummy
 59623 | Zig:11   | Noticed a royal mummy
 59627 | Zig:11   | Killed a royal mummy
 59629 | Zig:11   | Killed a royal mummy
 59630 | Zig:11   | Reached skill level 27 in Staves
 59630 | Zig:11   | Killed a royal mummy
 59770 | Zig:11   | Identified the +1 chain mail "Jitsiz Hal" {SInv}
 59785 | Zig:12   | Entered Level 12 of a ziggurat
 59797 | Zig:12   | Noticed an ancient lich
 59799 | Zig:12   | Noticed a dread lich
 59807 | Zig:12   | Killed an ancient lich
 59809 | Zig:12   | Killed a dread lich
 59919 | Zig:13   | Entered Level 13 of a ziggurat
 59929 | Zig:13   | Reached skill level 27 in Spellcasting
 59964 | Zig:13   | Identified the amulet "Ken Azur" {Regen+ Dex+5}
 59967 | Zig:13   | Identified the ring of Ypiyckir {Wiz rC- rN+ Will+ rCorr}
 59970 | Zig:14   | Entered Level 14 of a ziggurat
 60024 | Zig:14   | Identified the +0 chain mail of Resourcefulness {Rampage}
 60045 | Zig:14   | Identified the staff "Transmigrator" {+Blink rF+ Will-
                  | rCorr Str+6 Fire}
 60047 | Zig:15   | Entered Level 15 of a ziggurat
 60109 | Zig:15   | Identified the ring "Duebb" {rPois rN+}
 60135 | Zig:15   | Identified the +1 scale mail of the Turtle {Stlth+}
 60139 | Zig:16   | Entered Level 16 of a ziggurat
 60185 | Zig:16   | Found the +8 trishula "Condemnation" {holy, anguish, *Noise
                  | Fly rN+}
 60187 | Zig:16   | Found the dreamshard necklace {Acrobat *Dream}
 60195 | Zig:16   | Identified the +6 trident of Deofeoc {antimagic, rN+}
 60207 | Zig:16   | Identified the amulet "Plog" {Faith ^Contam rCorr Int+4
                  | Slay+3}
 60213 | Zig:16   | Identified the +2 dire flail of Inference {venom, +Blink
                  | MP+9 Int+2}
 60215 | Zig:16   | Identified the +1 chain mail of the Endless Expanse {Fly
                  | rC+ Str+2}
 60218 | Zig:17   | Entered Level 17 of a ziggurat
 60221 | Zig:17   | Noticed Zaiq Zia the pandemonium lord
 60224 | Zig:17   | Noticed Zesefes the pandemonium lord
 60225 | Zig:17   | Noticed Wowuvok the pandemonium lord
 60235 | Zig:17   | Killed Wowuvok the pandemonium lord
 60235 | Zig:17   | Noticed Nuefre the pandemonium lord
 60236 | Zig:17   | Killed Zesefes the pandemonium lord
 60236 | Zig:17   | Noticed Muafira the pandemonium lord
 60239 | Zig:17   | Noticed Ithae the pandemonium lord
 60239 | Zig:17   | Noticed Irept the pandemonium lord
 60240 | Zig:17   | Killed Nuefre the pandemonium lord
 60241 | Zig:17   | Killed Zaiq Zia the pandemonium lord
 60242 | Zig:17   | Killed Muafira the pandemonium lord
 60242 | Zig:17   | Killed Ithae the pandemonium lord
 60245 | Zig:17   | Killed Irept the pandemonium lord
 60273 | Zig:17   | Found the +7 captain's cutlass {speed, disarm}
 60343 | Zig:17   | Identified the staff "Boula" {*Slow Str+6 Stlth+ Tloc
                  | Earth}
 60346 | Zig:17   | Got the Commentary on Diablerie and the Cwm
 60352 | Zig:18   | Entered Level 18 of a ziggurat
 60358 | Zig:18   | Noticed a juggernaut
 60363 | Zig:18   | Noticed a juggernaut
 60369 | Zig:18   | Killed a juggernaut
 60369 | Zig:18   | Noticed a juggernaut
 60371 | Zig:18   | Killed a juggernaut
 60378 | Zig:18   | Killed a juggernaut
 60416 | Zig:18   | Identified the +0 robe of the Aged Portals {rElec Regen+
                  | SInv Stlth-}
 60585 | Hell     | Found a gateway to the freezing wastes of Cocytus.
 60607 | Hell     | Found a gateway to the decaying netherworld of Tartarus.
 60663 | Hell     | Found a gateway to the ashen valley of Gehenna.
 60718 | Hell     | Found a gateway to the Iron City of Dis.
 60733 | Geh:1    | Entered Level 1 of Gehenna
 60833 | Geh:2    | You are sucked into a shaft and drop 1 floor!
 60918 | Geh:5    | Noticed a dread lich
 60927 | Geh:5    | Killed a dread lich
 61065 | Geh:7    | Entered Level 7 of Gehenna
 61464 | Geh:7    | Found the +13 sceptre of Asmodeus
 61464 | Geh:7    | Noticed Asmodeus
 61480 | Geh:7    | Killed Asmodeus
 61578 | Geh:7    | Identified the ring "Toifyer" {Fire Will+ Int+3}
 61584 | Geh:7    | Identified the +0 leather armour of Xuxt {rElec Dex+2}
 61593 | Geh:7    | Identified the +8 triple sword of Wisdom {heavy, Str+4}
 61594 | Geh:7    | Identified the staff "Usmiuguf" {^Contam rPois Int+5 Dex+3
                  | Ice Alchemy}
 61603 | Geh:7    | Got an obsidian rune of Zot
 61625 | Geh:7    | Identified the staff "Zaxkauz" {+Blink Int+3 Stlth+ Earth}
 61634 | Geh:7    | Identified the ring "Junule Etife" {Will+ EV+5}
 61842 | Hell     | Acquired 819 gold pieces
 61853 | Hell     | Learned a level 7 spell: Enfeeble
 61859 | Hell     | Learned a level 5 spell: Yara's Violent Unravelling
 61896 | Coc:1    | Entered Level 1 of Cocytus
 61915 | Coc:1    | Paralysed by a wendigo for 1 turns
 61959 | Coc:2    | Noticed a dread lich
 61961 | Coc:2    | Paralysed by a dread lich for 3 turns
 61964 | Coc:2    | Killed a dread lich
 61974 | Coc:2    | You are sucked into a shaft and drop 2 floors!
 61992 | Coc:4    | Paralysed by a wendigo for 1 turns
 62181 | Coc:7    | Entered Level 7 of Cocytus
 62184 | Coc:7    | Paralysed by a wendigo for 1 turns
 62195 | Coc:7    | Paralysed by a wendigo for 1 turns
 62469 | Coc:7    | Noticed the Serpent of Hell
 62482 | Coc:7    | Killed the Serpent of Hell
 62868 | Coc:7    | Identified the ring of the Real Monster {rCorr Int+3}
 62868 | Coc:7    | Noticed Antaeus
 62887 | Coc:7    | Killed Antaeus
 62893 | Coc:7    | Got an icy rune of Zot
 62898 | Coc:7    | Identified the +1 plate armour "Uze Daid" {Rampage Str+3
                  | SInv}
 63013 | Coc:7    | Paralysed by a wendigo for 1 turns
 63135 | Tar:1    | Entered Level 1 of Tartarus
 63152 | Tar:1    | Noticed an ancient lich
 63158 | Tar:1    | Killed an ancient lich
 64294 | Tar:7    | Entered Level 7 of Tartarus
 64733 | Tar:7    | Identified the ring of Peace {rCorr Str+6}
 64813 | Tar:7    | Identified the +0 pair of gloves "Riexeimi" {rElec Will+++
                  | Regen+ Dex-4}
 64841 | Tar:7    | Identified the staff "Foriuduo" {rElec rN+ MP+9 Int+3
                  | Stlth+ Necro}
 65442 | Tar:7    | Noticed Ereshkigal
 65469 | Tar:7    | Reached skill level 27 in Armour
 65510 | Tar:7    | Killed Ereshkigal
 65511 | Tar:7    | Reached skill level 27 in Axes
 65531 | Tar:7    | Got a bone rune of Zot
 65760 | Dis:1    | Entered Level 1 of the Iron City of Dis
 66505 | Dis:7    | Entered Level 7 of the Iron City of Dis
 66522 | Dis:7    | Reached skill level 27 in Invocations
 66893 | Dis:7    | Gained mutation: You are very dopey. (Int -4) [mutagenic
                  | glow]
 66897 | Dis:7    | Gained mutation: You sometimes lose your temper in combat.
                  | [mutagenic glow]
 66907 | Dis:7    | Gained mutation: Your spells are easier to cast, but less
                  | powerful. [mutagenic glow]
 66924 | Dis:7    | Identified the orb of the Vacuum {light, rPois rF+ rC+
                  | Str-4}
 67049 | Dis:7    | Noticed Dispater
 67075 | Dis:7    | Killed Dispater
 67101 | Dis:7    | Lost mutation: You are partially covered in iridescent
                  | scales. (AC +2) [potion of mutation]
 67101 | Dis:7    | Lost mutation: You are very dopey. (Int -4) [potion of
                  | mutation]
 67101 | Dis:7    | Gained mutation: You are partially covered in iridescent
                  | scales. (AC +2) [potion of mutation]
 67102 | Dis:7    | Lost mutation: You are dopey. (Int -2) [potion of mutation]
 67102 | Dis:7    | Lost mutation: Your system is resistant to poisons. (rPois)
                  | [potion of mutation]
 67102 | Dis:7    | Lost mutation: Your flesh is heat resistant. (rF+) [potion
                  | of mutation]
 67102 | Dis:7    | Lost mutation: You are partially covered in iridescent
                  | scales. (AC +2) [potion of mutation]
 67103 | Dis:7    | Lost mutation: Your spells are easier to cast, but less
                  | powerful. [potion of mutation]
 67103 | Dis:7    | Lost mutation: Your spells are a little easier to cast, but
                  | a little less powerful. [potion of mutation]
 67103 | Dis:7    | Gained mutation: You are strong-willed. (Will+) [potion of
                  | mutation]
 67104 | Dis:7    | Lost mutation: You occasionally shout uncontrollably at
                  | your foes. [potion of mutation]
 67104 | Dis:7    | Lost mutation: You are strong-willed. (Will+) [potion of
                  | mutation]
 67104 | Dis:7    | Gained mutation: Your flesh is cold resistant. (rC+)
                  | [potion of mutation]
 67104 | Dis:7    | Lost mutation: You sometimes lose your temper in combat.
                  | [potion of mutation]
 67104 | Dis:7    | Gained mutation: Your mind is acute. (Int +4, Str/Dex -1)
                  | [potion of mutation]
 67142 | Dis:7    | Identified the ring of the City {rPois rN++}
 67145 | Dis:7    | Got an iron rune of Zot
 67254 | Hell     | Learned a level 2 spell: Blink
 67786 | Tomb:1   | Entered Level 1 of the Tomb of the Ancients
 67961 | Tomb:1   | Paralysed by a sphinx for 2 turns
 67975 | Tomb:1   | Paralysed by a sphinx for 3 turns
 68011 | Tomb:1   | Noticed a royal mummy
 68011 | Tomb:1   | Noticed a royal mummy
 68014 | Tomb:1   | Noticed a royal mummy
 68016 | Tomb:1   | Killed a royal mummy
 68020 | Tomb:1   | Killed a royal mummy
 68021 | Tomb:1   | Killed a royal mummy
 69677 | Tomb:2   | Noticed a royal mummy
 69678 | Tomb:2   | Noticed a royal mummy
 69678 | Tomb:2   | Noticed a royal mummy
 69678 | Tomb:2   | Noticed a royal mummy
 69682 | Tomb:2   | Killed a royal mummy
 69683 | Tomb:2   | Killed a royal mummy
 69685 | Tomb:2   | Killed a royal mummy
 69686 | Tomb:2   | Killed a royal mummy
 69854 | Tomb:1   | Noticed a royal mummy
 69855 | Tomb:1   | Noticed a royal mummy
 69855 | Tomb:1   | Noticed a royal mummy
 69855 | Tomb:1   | Noticed a royal mummy
 69855 | Tomb:1   | Noticed a royal mummy
 69855 | Tomb:1   | Noticed a royal mummy
 69857 | Tomb:1   | Noticed a royal mummy
 69859 | Tomb:1   | Killed a royal mummy
 69859 | Tomb:1   | Killed a royal mummy
 69860 | Tomb:1   | Killed a royal mummy
 69860 | Tomb:1   | Killed a royal mummy
 69860 | Tomb:1   | Killed a royal mummy
 69860 | Tomb:1   | Killed a royal mummy
 69861 | Tomb:1   | Noticed a royal mummy
 69862 | Tomb:1   | Killed a royal mummy
 69863 | Tomb:1   | Noticed a royal mummy
 69867 | Tomb:1   | Noticed a royal mummy
 69868 | Tomb:1   | Killed a royal mummy
 69869 | Tomb:1   | Noticed a royal mummy
 69870 | Tomb:1   | Killed a royal mummy
 69878 | Tomb:1   | Killed a royal mummy
 69885 | Tomb:1   | Killed a royal mummy
 69896 | Tomb:1   | Noticed a royal mummy
 69897 | Tomb:1   | Noticed a royal mummy
 69899 | Tomb:1   | Noticed a royal mummy
 69907 | Tomb:1   | Killed a royal mummy
 69916 | Tomb:1   | Killed a royal mummy
 69917 | Tomb:1   | Noticed a royal mummy
 69931 | Tomb:1   | Noticed a royal mummy
 69938 | Tomb:1   | Killed a royal mummy
 69939 | Tomb:1   | Noticed a royal mummy
 69941 | Tomb:1   | Killed a royal mummy
 69943 | Tomb:1   | Killed a royal mummy
 69945 | Tomb:1   | Killed a royal mummy
 69950 | Tomb:1   | Noticed a royal mummy
 69952 | Tomb:1   | Noticed a royal mummy
 69959 | Tomb:1   | Noticed a royal mummy
 69961 | Tomb:1   | Killed a royal mummy
 69963 | Tomb:1   | Noticed a royal mummy
 69974 | Tomb:1   | Killed a royal mummy
 69975 | Tomb:1   | Noticed a royal mummy
 69988 | Tomb:1   | Killed a royal mummy
 69992 | Tomb:1   | Killed a royal mummy
 69993 | Tomb:1   | Killed a royal mummy
 70003 | Tomb:1   | Noticed a royal mummy
 70019 | Tomb:1   | Killed a royal mummy
 70159 | Tomb:1   | Noticed a royal mummy
 70161 | Tomb:1   | Noticed a royal mummy
 70163 | Tomb:1   | Noticed a royal mummy
 70170 | Tomb:1   | Noticed a royal mummy
 70171 | Tomb:1   | Noticed a royal mummy
 70178 | Tomb:1   | Noticed a royal mummy
 70180 | Tomb:1   | Killed a royal mummy
 70190 | Tomb:1   | Killed a royal mummy
 70192 | Tomb:1   | Killed a royal mummy
 70192 | Tomb:1   | Killed a royal mummy
 70194 | Tomb:1   | Killed a royal mummy
 70195 | Tomb:1   | Killed a royal mummy
 70383 | Tomb:1   | Noticed a royal mummy
 70393 | Tomb:1   | Killed a royal mummy
 70399 | Tomb:1   | Noticed a royal mummy
 70417 | Tomb:1   | Killed a royal mummy
 70746 | Tomb:3   | Entered Level 3 of the Tomb of the Ancients
 70760 | Tomb:3   | Noticed a royal mummy
 70768 | Tomb:3   | Killed a royal mummy
 70771 | Tomb:3   | Noticed a royal mummy
 70787 | Tomb:3   | Killed a royal mummy
 70787 | Tomb:3   | Noticed Boris
 70791 | Tomb:3   | Noticed a royal mummy
 70798 | Tomb:3   | Killed Boris
 70799 | Tomb:3   | Reached skill level 27 in Ice Magic
 70803 | Tomb:3   | Killed a royal mummy
 70947 | Tomb:3   | Identified the ring "Loqautue" {rElec rPois rF+ rN+ Will+
                  | Dex+4}
 70953 | Tomb:3   | Identified the ring "Zerchoh" {rPois rCorr Str+3 Int-2
                  | Stlth+}
 71022 | Tomb:3   | Noticed a royal mummy
 71030 | Tomb:3   | Killed a royal mummy
 71031 | Tomb:3   | Noticed a royal mummy
 71042 | Tomb:3   | Killed a royal mummy
 71043 | Tomb:3   | Noticed a royal mummy
 71049 | Tomb:3   | Killed a royal mummy
 71051 | Tomb:3   | Noticed a royal mummy
 71056 | Tomb:3   | Killed a royal mummy
 71116 | Tomb:3   | Noticed a royal mummy
 71118 | Tomb:3   | Noticed a royal mummy
 71121 | Tomb:3   | Killed a royal mummy
 71123 | Tomb:3   | Killed a royal mummy
 71150 | Tomb:3   | Got a golden rune of Zot
 71904 | Zot:1    | Entered Level 1 of the Realm of Zot
 71928 | Zot:2    | You are sucked into a shaft and drop 2 floors!
 71934 | Zot:5    | Entered Level 5 of the Realm of Zot
 72080 | Zot:5    | Got a prismatic gem with 714 turns to spare
 72082 | Zot:5    | Noticed a dread lich
 72083 | Zot:5    | Noticed an orb of fire
 72084 | Zot:5    | Noticed an orb of fire
 72084 | Zot:5    | Noticed an orb of fire
 72086 | Zot:5    | Noticed an orb of fire
 72086 | Zot:5    | Noticed an orb of fire
 72087 | Zot:5    | Noticed an orb of fire
 72088 | Zot:5    | Killed an orb of fire
 72088 | Zot:5    | Killed a dread lich
 72088 | Zot:5    | Killed an orb of fire
 72089 | Zot:5    | Reached skill level 27 in Air Magic
 72089 | Zot:5    | Killed an orb of fire
 72089 | Zot:5    | Noticed an ancient lich
 72092 | Zot:5    | Killed an orb of fire
 72094 | Zot:5    | Killed an orb of fire
 72097 | Zot:5    | Killed an orb of fire
 72098 | Zot:5    | Noticed an ancient lich
 72099 | Zot:5    | Killed an ancient lich
 72126 | Zot:5    | Killed an ancient lich
 72383 | Zot:3    | Reached skill level 27 in Dodging
 72498 | Zot:3    | Reached skill level 27 in Stealth
 72594 | Zot:3    | Lost the prismatic gem through the power of Zot.
 72979 | Zot:5    | Got the Orb of Zot
 73001 | Zot:5    | Reached skill level 27 in Fighting
 73001 | Zot:5    | Reached skill level 27 in Short Blades
 73001 | Zot:5    | Reached skill level 27 in Long Blades
 73001 | Zot:5    | Reached skill level 27 in Maces & Flails
 73001 | Zot:5    | Reached skill level 27 in Polearms
 73001 | Zot:5    | Reached skill level 27 in Ranged Weapons
 73001 | Zot:5    | Reached skill level 27 in Throwing
 73001 | Zot:5    | Reached skill level 27 in Shields
 73001 | Zot:5    | Reached skill level 27 in Unarmed Combat
 73001 | Zot:5    | Reached skill level 27 in Evocations
 73590 | D:$      | Escaped with the Orb!

Illustrated notes

Levels and vault maps discovered:
D:1:      minmay_arrival_stair_chambers, layout_basic,
          shapermc_ecumenical_altar_gd
D:2:      layout_loops_corners, minmay_tall_x
D:3:      layout_loops_ring, lemuel_coloured_pillars_altar,
          mainiacjoe_overflow_concentric_impassable, gammafunk_ghost_split,
          minmay_misc_feat_enclosed, minmay_cupped, uniq_terence, uniq_jessica,
          uniq_sigmund, uniq_ijyb, uniq_robin
D:4:      layout_gridville
D:5:      layout_loops_ring, kennysheep_generic_room_4
D:6:      wad_guarded_room, layout_loops_ring, cheibriados_altar_1,
          chequers_temple_overflow_minitemple
D:7:      minmay_angry_zag, layout_loops_ring, minmay_temple_entry_ruins,
          enter_bailey_3, ebering_ghost_disaster_area, amethyst_killhole
D:8:      layout_loops_cross, uniq_erica, uniq_joseph
D:9:      layout_irregular_city, hellmonk_lair_entry_icy, orc_0_dummy,
          minivault_21
D:10:     layout_rooms, minitemple, enter_trove_2, uniq_grum
D:11:     minmay_the_grid_3x3 [minmay_the_grid_empty,
          minmay_the_grid_holed_spiral, minmay_the_grid_minigrid_small,
          minmay_the_grid_large_cup, minmay_the_grid_dragon_b,
          minmay_the_grid_square_x, minmay_the_grid_slots,
          minmay_the_grid_odd_star, minmay_the_grid_prize_big_room],
          layout_long_grid, hangedman_decor_clover_reticule,
          nicolae_vehumet_radiance, uniq_nergalle, uniq_maurice
D:12:     layout_basic, gammafunk_ghost_berserking_beasts, guppyfry_shop_venom,
          uniq_erolcha, uniq_urug, uniq_frances
D:13:     nzn_motion_control, layout_basic, uniq_lodul, uniq_jorgrun,
          uniq_josephine
D:14:     layout_loops_corners, david_vaults_3, dk_noncrumbling_2, serial_shops,
          nicolae_shop_peninsula, uniq_rupert, uniq_azrael
D:15:     hellmonk_depths_entry_around_the_bend, layout_rooms, serial_shops,
          shop, hangedman_abyss_or_decor_stagger, dreamdust_looks_like_rain
Lair:1:   layout_gridlike, serial_bayou_shore_b
Lair:2:   hellmonk_ruined_rings, layout_gridlike, chequers_serial_rivers_small_a
Lair:3:   layout_concentric_octagons, nicolae_shoals_entry_roost,
          minmay_snake_entry_guardpost_small, portal_ice_cave_demonic_guard,
          uniq_sonja, uniq_amaemon, uniq_nessos
Lair:4:   minmay_lair_oklob_chamber, layout_cave_pods
Lair:5:   minmay_lair_end_enchanted_forest, layout_regular_city, slime_entry_1,
          nicolae_lair_lindhole
Shoals:1: nicolae_shoals_deep_elves_summer_vacation, layout_shoals
Shoals:2: layout_shoals, st_sunken_huts
Shoals:3: cheibrodos_shoals_oceanic_diplomacy, layout_shoals, serial_shops,
          nicolae_shop_gibbet_a_chance, wheals_shoals_ruined_temple
Shoals:4: shoals_end_grunt_ice, layout_shoals
Snake:1:  layout_rooms, serial_bayou_shore_a, uniq_agnes
Snake:2:  nicolae_snake_nest, layout_basic, serial_shops,
          nicolae_shop_tiny_waterfront, grunt_megastairs_3,
          serial_bayou_shore_b, uniq_roxanne, uniq_aizul, uniq_mlioglotl
Snake:3:  layout_basic, gammafunk_ghost_abyssal_escape, drop_trap, uniq_mara,
          uniq_saint_roka, uniq_vashnia
Snake:4:  snake_pit_salamanders_mu, layout_onion, uniq_asterion
Slime:1:  layout_caves
Slime:2:  layout_caves, basic_altar, cheibrodos_slime_lost_civilization_6
Slime:3:  layout_caves
Slime:4:  layout_caves
Slime:5:  slime_pit, uniq_dissolution
Orc:1:    layout_diamond_mine, uniq_snorg
Orc:2:    grunt_orc_community_town_hall, layout_caves,
          grunt_orc_community_big_house_1, grunt_orc_community_big_house_2,
          grunt_orc_community_house_2, grunt_orc_community_house_1,
          grunt_orc_community_house_3, grunt_orc_community_house_1,
          grunt_orc_community_house_1, grunt_orc_community_house_2, basic_altar,
          statue_in_the_mist_lemuel, einodemon_armed_red_devil_minivault
Elf:1:    nicolae_elf_arrival_fired_up, layout_loops_ring, serial_shops,
          nicolae_shop_tiny_statue_garden, hangedman_elf_disciples,
          nicolae_shop_firing_range, uniq_zenata
Elf:2:    elven_hall_of_blades_hangedman_original [nicolae_blade_bullseye],
          layout_loops_ring, serial_shops, shop
Elf:3:    minmay_elf_hall_dome, layout_loops_cross, serial_library,
          serial_library_hellmonk_octagon, serial_library_hellmonk_small_corner,
          serial_library_hellmonk_open_cross, serial_library_hellmonk_room_b,
          serial_library_hellmonk_narrow_alcove, serial_shops, shop, shop,
          nicolae_shop_hallway_plus, uniq_bai_suzhen
Vaults:1: nicolae_vaults_tetromino_L_2, nicolae_vaults_quadrants,
          ontoclasm_vaults_tryst, ontoclasm_vaults_eye,
          nicolae_vaults_more_shelving_1, nicolae_vaults_tetromino_L_1,
          hangedman_vaults_corner_blocks, layout_vaults_omnibox, serial_shops,
          shop
Vaults:2: nicolae_vaults_statue_guard, nicolae_vaults_stepped_doors,
          nicolae_vaults_trapezoid_lopsided_2,
          nicolae_vaults_offset_grid_hallway_3, nicolae_vaults_tetromino_Z_2,
          grunt_vaults_hallway_long, grunt_vaults_funnel,
          nicolae_vaults_yaktaur_gun_rack, nicolae_vaults_weapon_check,
          vaults_mumra_minichess, layout_vaults_ring, serial_shops,
          nicolae_shop_rolling_square
Vaults:3: infiniplex_enter_wizlab_spiral, vaults_room_ringed_pool,
          nicolae_vaults_fighting_squares, nicolae_vaults_trapezoid_1,
          nicolae_vaults_little_squares_2, minmay_crypt_entry_simple_box,
          v_misc_3, nicolae_vaults_two_Ls, v_pattern_1, layout_vaults_omnigrid,
          serial_shops, nicolae_lakefront_shop, shop, nicolae_shop_hallway_plus,
          uniq_sojobo, uniq_margery
Vaults:4: portal_desolation_entry_nicolae_slug, v_misc_12,
          vaults_standard_mumra_lines, nicolae_vaults_big_ls,
          grunt_vaults_diagonal, v_misc_3, vaults_room_pools,
          ontoclasm_vaults_pinch, vaults_room_boxed,
          nicolae_vaults_variable_pillar_hall, nicolae_vaults_little_squares_5,
          nicolae_vaults_three_branches, vaults_mumra_chevron,
          layout_vaults_maze_snakey, serial_shops, nicolae_diamond_shop
Vaults:5
Crypt:1:  layout_chaotic_city, nicolae_letterblocks [nicolae_letter_subblock,
          nicolae_letter_subblock, nicolae_letter_subblock,
          nicolae_letter_subblock, nicolae_letter_subblock,
          nicolae_letter_subblock, nicolae_letter_subblock,
          nicolae_letter_subblock, nicolae_letter_subblock,
          nicolae_letter_subblock, nicolae_letter_subblock,
          nicolae_letter_subblock, nicolae_letter_subblock,
          nicolae_letter_subblock, nicolae_letter_subblock,
          nicolae_letter_subblock, nicolae_letter_subblock,
          nicolae_letter_subblock, nicolae_letter_subblock,
          nicolae_letter_subblock, nicolae_letter_subblock,
          nicolae_letter_subblock, nicolae_letter_subblock,
          nicolae_letter_subblock, nicolae_letter_subblock], uniq_jory
Crypt:2:  layout_chaotic_city
Crypt:3:  quadcrypt_mu
Tomb:1
Tomb:2
Tomb:3:   uniq_boris
Depths:1: layout_gridlike, nicolae_tso_swordbearing_angel, pan_entry,
          hell_entry, roderic_roman_lattice, serial_bayou_crossing
Depths:2: kennysheep_blocky_hall, layout_small_grid, pf_hell_entry_tar_spiral,
          abyss_entry, rand_demon_pan_entry_3, infiniplex_staircase_zigzag_4
Depths:3: hourglass_vault, layout_cave_pools, abyss_entry,
          rand_demon_pan_entry_8, hangedman_abyss_or_decor_passed, hell_entry
Depths:4: grunt_twist_and_shout, layout_basic, enter_ziggurat_d,
          nicolae_uskayaw_dance_hall, abyss_entry_small_statue_room,
          lightli_too_deep, uniq_enchantress, uniq_frederick
Hell
Dis:1:    layout_regular_city
Dis:2:    layout_regular_city
Dis:3:    layout_subdivisions
Dis:4:    layout_overlapping_boxes, nicolae_hells_seeping_fissure
Dis:5:    layout_overlapping_boxes
Dis:6:    layout_subdivisions
Dis:7:    iron_city_of_dis [dis_old, dis_wall_6], layout_gridville,
          nicolae_dis_metal_dragon_surprise
Geh:1:    layout_gehenna_lava_caves
Geh:2:    layout_gehenna_pools_box, nicolae_geh_amphitheater
Geh:3:    layout_gehenna_pools_box
Geh:4:    hangedman_generic_boss_arena
Geh:5:    nicolae_geh_erupted_tower, layout_gehenna_lava_caves
Geh:6:    layout_gehenna_pools_box
Geh:7:    geh_mu
Coc:1:    layout_ice_bergs
Coc:2:    layout_cocytus_water_paths
Coc:4:    layout_cocytus_water_paths
Coc:5:    layout_cocytus_water_paths
Coc:6:    layout_ice_bergs
Coc:7:    coc_old
Tar:1:    layout_grid_maze
Tar:2:    nicolae_tar_entranced, layout_cathedral_of_symmetry,
          nicolae_tar_grid_combs
Tar:3:    layout_grid_maze, nicolae_hells_hurtin_island
Tar:4:    layout_honeycomb, nicolae_tar_combbox
Tar:5:    layout_catacombs
Tar:6:    layout_grid_maze, nicolae_tar_cuneiform_to_be
Tar:7:    tar_mu [tar_mu_maze]
Zot:1:    kennysheep_blocky_room, layout_misc_corridors, lemuel_golem_globe
Zot:2:    kennysheep_oblong_rooms, layout_misc_corridors,
          regret_index_zotdec_wing_it, st_grand_hoard_of_tiamat
Zot:3:    layout_concentric_octagons, regret_index_zotdec_silver_v_v_loose
Zot:4:    layout_onion
Zot:5:    layout_twisted_circle

Skill      XL: |  1  2  3  4  5  6  7  8  9 10 11 12 13 14 15 16 17 18 19 20 21 22 23 24 25 26 27 |
---------------+----------------------------------------------------------------------------------+-----
Spellcasting   | 5 6 7 8 9 10 11 12 13 14 15 16 18 19 20 21 27 | 27.0
Invocations    | 1 2 3 4 5 6 7 8 10 11 12 13 14 15 16 17 18 19 27 | 27.0
Fighting       | 1 2 3 5 6 7 8 9 10 11 12 13 14 15 16 17 18 27 | 27.0
Short Blades   | 1 2 3 5 6 7 8 9 10 11 12 13 14 15 16 17 18 27 | 27.0
Long Blades    | 1 2 3 5 6 7 8 9 10 11 12 13 14 15 16 17 18 27 | 27.0
Axes           | 1 2 3 5 6 7 8 9 10 11 12 13 14 15 16 17 18 27 | 27.0
Maces & Flails | 1 2 3 5 6 7 8 9 10 11 12 13 14 15 16 17 18 27 | 27.0
Polearms       | 1 2 3 5 6 7 8 9 10 11 12 13 14 15 16 17 18 27 | 27.0
Staves         | 1 2 3 5 6 7 8 9 10 11 12 13 15 16 17 19 20 21 27 | 27.0
Ranged Weapons | 1 2 3 5 6 7 8 9 10 11 12 13 14 15 16 17 18 27 | 27.0
Throwing       | 1 2 3 5 6 7 8 9 10 11 12 13 14 15 16 17 18 27 | 27.0
Armour         | 1 2 3 5 6 7 8 9 10 11 12 13 14 15 16 17 18 27 | 27.0
Shields        | 1 2 3 5 6 7 8 9 10 11 12 13 14 15 16 17 18 27 | 27.0
Unarmed Combat | 1 2 3 5 6 7 8 9 10 11 12 13 14 15 16 17 18 27 | 27.0
Evocations     | 1 2 3 5 6 7 8 9 10 11 12 13 14 15 16 17 18 27 | 27.0
Shapeshifting  | 1 2 3 4 5 6 7 8 9 10 11 12 13 14 15 16 25 | 25.2
Conjurations   | 1 2 3 4 5 6 7 8 9 10 11 12 13 14 15 23 | 23.4
Hexes          | 1 2 3 4 5 6 7 8 9 10 11 12 13 14 15 23 | 23.4
Summonings     | 1 2 3 4 5 6 7 8 9 10 11 12 13 14 15 23 | 23.4
Necromancy     | 1 2 3 4 5 6 7 8 9 10 11 12 13 14 15 23 | 23.4
Translocations | 1 2 3 4 5 6 7 8 9 10 11 12 13 14 15 23 | 23.4
Fire Magic     | 1 2 3 4 5 6 7 8 9 10 11 12 13 14 15 23 | 23.4
Air Magic      | 1 2 3 4 5 6 7 8 9 10 11 12 13 14 15 16 17 18 27 | 27.0
Earth Magic    | 1 2 3 4 5 6 7 8 9 10 11 12 13 14 15 23 | 23.4
Alchemy        | 1 2 3 4 5 6 7 8 9 10 11 12 13 14 15 23 | 23.4
Dodging        | 5 6 7 8 9 10 11 12 13 14 15 16 17 18 27 | 27.0
Stealth        | 5 6 7 8 9 10 11 12 13 14 15 16 17 18 27 | 27.0
Ice Magic      | 8 9 10 11 12 13 14 15 16 17 18 19 20 21 27 | 27.0

Action                     |  1- 3 |  4- 6 |  7- 9 | 10-12 | 13-15 | 16-18 | 19-21 | 22-24 | 25-27 || total
---------------------------+-------+-------+-------+-------+-------+-------+-------+-------+-------++-------
  Melee: Unarmed           |     6 |       |       |       |       |       |       |       |   543 ||   549
         Bite              |     4 |     7 |    33 |    40 |   132 |   150 |   193 |   347 |  1274 ||  2180
         Dagger            |    16 |    46 |   124 |       |       |       |       |       |       ||   186
         Spear             |    16 |    14 |       |       |       |       |       |       |       ||    30
         Punch             |     1 |     1 |     1 |       |       |       |       |       |       ||     3
         Short sword       |       |       |   138 |    13 |       |       |       |       |       ||   151
         Scimitar          |       |       |       |   266 |   831 |   352 |       |       |       ||  1449
         Falchion          |       |       |       |       |       |   509 |   949 |  1480 |  3530 ||  6468
         Trishula          |       |       |       |       |       |       |       |       |  1393 ||  1393
         Staff             |       |       |       |       |       |       |       |       |   209 ||   209
   Cast: Freeze            |    40 |     6 |     1 |       |       |       |       |       |       ||    47
         Frozen Ramparts   |       |     8 |    12 |    28 |    35 |    35 |    34 |    32 |    46 ||   230
         Ozocubu's Armour  |       |     2 |     9 |    18 |    42 |    48 |    38 |    37 |   108 ||   302
         Summon Ice Beast  |       |       |     3 |     3 |     1 |     1 |       |       |       ||     8
         Fulminant Prism   |       |       |       |    11 |    14 |     3 |     8 |       |       ||    36
         Irradiate         |       |       |       |     2 |    18 |    25 |    39 |    69 |   152 ||   305
         Freezing Cloud    |       |       |       |       |    29 |    63 |    26 |    12 |    14 ||   144
         Eringya's Noxious |       |       |       |       |     6 |    24 |    12 |    12 |    20 ||    74
         Lesser Beckoning  |       |       |       |       |       |    10 |    40 |    36 |   104 ||   190
         Passage of Golubr |       |       |       |       |       |       |     1 |       |     8 ||     9
         Arcjolt           |       |       |       |       |       |       |     2 |    14 |    26 ||    42
         Sculpt Simulacrum |       |       |       |       |       |       |     1 |     1 |       ||     2
         Yara's Violent Un |       |       |       |       |       |       |    10 |     1 |     3 ||    14
         Plasma Beam       |       |       |       |       |       |       |       |    33 |   126 ||   159
         Dispel Undead     |       |       |       |       |       |       |       |    65 |    24 ||    89
         Call Imp          |       |       |       |       |       |       |       |     1 |       ||     1
         Orb of Destructio |       |       |       |       |       |       |       |       |    54 ||    54
         Ignition          |       |       |       |       |       |       |       |       |   126 ||   126
         Polar Vortex      |       |       |       |       |       |       |       |       |   116 ||   116
         Lehudib's Crystal |       |       |       |       |       |       |       |       |    41 ||    41
         Borgnjor's Vile C |       |       |       |       |       |       |       |       |    38 ||    38
         Dragon's Call     |       |       |       |       |       |       |       |       |    17 ||    17
         Enfeeble          |       |       |       |       |       |       |       |       |    11 ||    11
 Invoke: Bend Time         |       |       |       |     2 |     1 |     2 |     1 |     1 |    10 ||    17
         Temporal Distorti |       |       |       |       |     2 |       |       |       |       ||     2
         Slouch            |       |       |       |       |       |     3 |       |     1 |    21 ||    25
  Evoke: Wand              |       |     1 |       |    19 |     5 |    17 |     2 |     2 |    59 ||   105
         Condenser vane    |       |       |       |     1 |       |     1 |     1 |     1 |     5 ||     9
         Sack of spiders   |       |       |       |       |     1 |     2 |     2 |     1 |     1 ||     7
         Lightning rod     |       |       |       |       |       |    10 |     8 |     2 |    12 ||    32
         Phantom mirror    |       |       |       |       |       |       |       |     2 |     4 ||     6
         Phial of floods   |       |       |       |       |       |       |       |       |     1 ||     1
         Horn of Geryon    |       |       |       |       |       |       |       |       |     2 ||     2
    Use: Scroll            |       |       |     4 |     5 |    13 |    14 |     8 |    11 |    40 ||    95
         Potion            |       |       |       |     5 |     3 |     8 |     5 |     1 |    36 ||    58
   Stab: Sleeping          |     5 |     4 |    20 |     9 |    26 |    27 |    23 |    30 |    75 ||   219
         Distracted        |       |       |     1 |     1 |     7 |     2 |     5 |     4 |    81 ||   101
         Paralysed         |       |       |       |     9 |       |       |       |       |       ||     9
         Invisible         |       |       |       |       |       |     2 |       |       |       ||     2
 Armour: Robe              |    30 |       |       |       |       |       |       |       |       ||    30
         Leather armour    |       |    30 |    88 |   122 |       |       |       |       |       ||   240
         Quicksilver drago |       |       |       |    11 |   336 |   358 |   371 |   242 |       ||  1318
         Skin              |       |       |       |       |       |       |       |   195 |  2294 ||  2489
         Crystal plate arm |       |       |       |       |       |       |       |       |   248 ||   248
  Dodge: Dodged            |    46 |    44 |   254 |   329 |   854 |   850 |   568 |   777 |  5630 ||  9352
  Block: Buckler           |       |       |    90 |   131 |   467 |   766 |    17 |       |       ||  1471
         Reflection        |       |       |       |       |    27 |    89 |    96 |    57 |   278 ||   547
         Kite shield       |       |       |       |       |       |       |   978 |    48 |       ||  1026
         Tower shield      |       |       |       |       |       |       |       |  2447 | 12618 || 15065
   Form: Statue            |       |       |       |       |       |       |       |     1 |     1 ||     2
                           |       |       |       |       |       |       |       |       |     1 ||     1
         Death             |       |       |       |       |       |       |       |       |     1 ||     1
